 Dungeon Crawl Stone Soup version 0.32-a0-975-g85d4e5bfdb (webtiles) character file.

Game seed: 17969217739838515312

16055313 bananaken the Dwarven Barricade (level 27, 300/300 HPs)
             Began as a Mountain Dwarf Cinder Acolyte on Apr 19, 2024.
             Was the Champion of the Shining One.
             Escaped with the Orb
             ... and 15 runes on Apr 20, 2024!
             The game lasted 06:43:36 (98249 turns).

bananaken the Dwarven Barricade (MDCA)             Turns: 98249, Time: 06:43:37

Health: 300/300    AC: 60    Str: 35    XL:     27
Magic:  37/54      EV: 12    Int: 22    God:    the Shining One [******]
Gold:   13978      SH: 32    Dex: 12    Spells: 23/80 levels left

rFire   + + +        T - +9 broad axe (holy)
rCold   + + +        r - +8 tower shield of Context {rC+ Regen+ Stlth+}
rNeg    + + +        K - +12 gold dragon scales
rPois   +            k - +2 helmet of Orrisini {Fly rElec rC+ Stlth-}
rElec   +            a - +2 cloak "Xideb" {rF+ rN+ Dex+3}
rCorr   +            b - +2 pair of gloves of Conscience {rPois rF+ rCorr}
SInv    .            j - +3 pair of mountain boots {steadfast, rC+}
Will    +++++        A - amulet of the Four Winds {rN+ Will+++ Clar} Stlth
                     o - ring "Nisi" {rC+ AC+4 Int+7}
HPRegen 1.50/turn    L - ring of Pimigh {rF+ Str+6}
MPRegen 0.34/turn

%: clarity
@: flying, glowing, studying 6 skills
A: runic magic, artefact enchanting, agile 1, sense surroundings 1, robust 1,
wild magic 1
0: Orb of Zot
}: 15/15 runes: decaying, serpentine, slimy, silver, golden, iron, obsidian,
icy, bone, abyssal, demonic, glowing, magical, fiery, dark
a: Renounce Religion, Divine Shield, Cleansing Flame, Summon Divine Warrior


You escaped.
You worshipped the Shining One.
The Shining One was exalted by your worship.
You visited 18 branches of the dungeon, and saw 88 of its levels.
You visited Pandemonium 1 time, and saw 20 of its levels.
You visited the Abyss 2 times.
You visited 1 bazaar.
You visited 2 ziggurats (completing 1), and saw 45 of their levels.
You also visited: Trove and Ice Cave.

You collected 19068 gold pieces.
You spent 5090 gold pieces at shops.

Inventory:

Hand Weapons
 T - a +9 broad axe of holy wrath (weapon)
Missiles
 n - 19 silver javelins (quivered)
 E - 9 throwing nets
Armour
 a - the +2 cloak "Xideb" (worn) {rF+ rN+ Dex+3}
   (You found it on level 7 of Cocytus)

   Dex+3:     It affects your dexterity (+3).
   rF+:       It protects you from fire.
   rN+:       It protects you from negative energy.
 b - the +2 pair of gloves of Conscience (worn) {rPois rF+ rCorr}
   (You bought it in a shop in a bazaar)

   rF+:       It protects you from fire.
   rPois:     It protects you from poison.
   rCorr:     It protects you from acid and corrosion.
 j - the +3 pair of mountain boots (worn) {steadfast, rC+}
   (You found it on level 27 of a ziggurat)

   Steadfast: It prevents involuntary movement, except for blinking,
   teleportation, or banishment.
   rC+:       It protects you from cold.
 k - the +2 helmet of Orrisini (worn) {Fly rElec rC+ Stlth-}
   (You found it on level 4 of the Vaults)

   rC+:       It protects you from cold.
   rElec:     It insulates you from electricity.
   Fly:       It grants you flight.
   Stlth-:    It makes you less stealthy.
 r - the +8 tower shield of Context (worn) {rC+ Regen+ Stlth+}
   (You took it off Mennas on level 1 of the Crypt)

   rC+:       It protects you from cold.
   Regen+:    It increases your rate of health regeneration.
   Stlth+:    It makes you more stealthy.
 v - the +2 helmet of a Billion Ghosts {-Cast Rampage rPois Slay+6}
   (You found it on level 2 of a ziggurat)

   Slay+6:    It affects your accuracy & damage with ranged weapons and melee
   (+6).
   rPois:     It protects you from poison.
   -Cast:     It prevents spellcasting.
   Rampage:   It bestows one free step when moving towards enemies.
 y - the +1 cloak of Starlight {*Dazzle EV+4 Stlth--}
   (You found it on level 11 of a ziggurat)

   *Dazzle:   It may blind those who miss an attack against the wearer in melee
   combat.
   EV+4:      It affects your evasion (+4).
   Stlth--:   It makes you much less stealthy.
 H - a +2 cloak of willpower
 K - +12 gold dragon scales (worn)
Jewellery
 c - the dreamshard necklace {Acrobat *Dream}
   (You found it on level 25 of a ziggurat)

   [amulet of the acrobat]

   *Dream:    It absorbs a single lethal wound into itself, holding its wearer
   just short of death and releasing dream-creatures to guard them.
   Acrobat:   It increases your evasion while moving and waiting.
 e - the amulet of Ruubas {Regen+ Int+3 Dex+4}
   (You found it on level 24 of a ziggurat)

   [amulet of regeneration]

   Int+3:     It affects your intelligence (+3).
   Dex+4:     It affects your dexterity (+4).
   Regen+:    It increases your rate of health regeneration.
 m - the ring of Xyhioroun {rElec rCorr Str+3 Int+6}
   (You found it on level 22 of a ziggurat)

   [ring of intelligence]

   Str+3:     It affects your strength (+3).
   Int+6:     It affects your intelligence (+6).
   rElec:     It insulates you from electricity.
   rCorr:     It protects you from acid and corrosion.
 o - the ring "Nisi" (left hand) {rC+ AC+4 Int+7}
   (You found it in Pandemonium)

   [ring of protection]

   AC+4:      It affects your AC (+4).
   Int+7:     It affects your intelligence (+7).
   rC+:       It protects you from cold.
 t - the amulet of Omogadd {Reflect Rampage rElec SH+5 SInv Stlth-}
   (You found it on level 8 of a ziggurat)

   [amulet of reflection]

   Reflect:   It reflects blocked missile attacks.
   rElec:     It insulates you from electricity.
   SInv:      It lets you see invisible.
   SH+5:      It affects your SH (+5).
   Rampage:   It bestows one free step when moving towards enemies.
   Stlth-:    It makes you less stealthy.
 z - a ring of poison resistance
 A - the amulet of the Four Winds (around neck) {rN+ Will+++ Clar}
   (You found it on level 13 of a ziggurat)

   [amulet of nothing]

   rN+:       It protects you from negative energy.
   Will+++:   It greatly increases your willpower.
   Clar:      It protects you from confusion, rage, mesmerisation and fear.
 L - the ring of Pimigh (right hand) {rF+ Str+6}
   (You found it on level 5 of the Pits of Slime)

   [ring of protection from fire]

   Str+6:     It affects your strength (+6).
   rF+:       It protects you from fire.
 M - the ring of Syndicalism {Fly Will+ Dex+7}
   (You found it on level 16 of a ziggurat)

   [ring of flight]

   Dex+7:     It affects your dexterity (+7).
   Will+:     It increases your willpower.
   Fly:       It grants you flight.
 P - the ring of the Shrike {rPois rF+ rC+ Dex+2 SInv}
   (You bought it in a shop on level 5 of the Dungeon)

   [ring of protection from cold]

   Dex+2:     It affects your dexterity (+2).
   rF+:       It protects you from fire.
   rC+:       It protects you from cold.
   rPois:     It protects you from poison.
   SInv:      It lets you see invisible.
 R - the amulet of the Air {Inacc Air Fly rElec RMsl}
   (You found it on level 18 of a ziggurat)

   [amulet of nothing]

   Inacc:     It reduces the accuracy of your attacks and spells.
   Air:       It enhances your air magic.
   rElec:     It insulates you from electricity.
   Fly:       It grants you flight.
   RMsl:      It protects you from missiles.
 X - the ring of the Heavens {rElec Str+6 Int+3}
   (You found it on level 18 of a ziggurat)

   [ring of strength]

   Str+6:     It affects your strength (+6).
   Int+3:     It affects your intelligence (+3).
   rElec:     It insulates you from electricity.
 Y - the ring of the Tortoise {AC+8}
   (You took it off a deep elf death mage on level 3 of the Elven Halls)

   [ring of protection]

   AC+8:      It affects your AC (+8).
Wands
 f - a wand of digging (43)
Scrolls
 i - 34 scrolls of teleportation
 p - 20 scrolls of fog
 q - 8 scrolls of enchant armour
 s - 23 scrolls of immolation
 x - 4 scrolls of poison
 C - 3 scrolls of revelation
 D - 7 scrolls of blinking
 G - 10 scrolls of silence
 I - 9 scrolls of vulnerability
 J - 15 scrolls of enchant weapon
 S - 12 scrolls of fear
Potions
 d - 12 potions of brilliance
 h - 12 potions of enlightenment
 l - 3 potions of haste
 u - 5 potions of berserk rage
 w - 2 potions of attraction
 F - 5 potions of cancellation
 N - 17 potions of mutation
 O - 6 potions of lignification
 U - 14 potions of curing
 V - 9 potions of heal wounds
 Z - 2 potions of magic
Miscellaneous
 g - a Gell's gravitambourine (2/2)
 B - a condenser vane
 Q - a lightning rod (4/4)
 W - a +1 figurine of a ziggurat


   Skills:
 O Level 27 Fighting
 O Level 27 Axes
 - Level 16.0 Throwing
 O Level 27 Armour
 + Level 13.7 Dodging
 O Level 27 Shields
 O Level 27 Spellcasting
 O Level 27 Conjurations
 - Level 11.1 Hexes
 - Level 11.5 Translocations
 O Level 27 Fire Magic
 - Level 2.0 Air Magic
 - Level 16.2 Earth Magic
 - Level 9.3 Alchemy
 O Level 27 Invocations
 - Level 18.4 Evocations
 - Level 14.1 Shapeshifting


You had 23 spell levels left.
You knew the following spells:

 Your Spells              Type           Power      Damage    Failure   Level
a - Scorch                Fire           100%       2d9       1%          2
b - Lesser Beckoning      Tloc           100%       N/A       1%          2
c - Passage of Golubria   Tloc           81%        N/A       1%          4
d - Apportation           Tloc           100%       N/A       1%          1
e - Disjunction           Tloc           40%        N/A       73%         8
f - Yara's Violent Unrav  Hex/Alch       38%        3d15      1%          5
g - Ignition              Fire           57%        3d16      1%          8
h - Blink                 Tloc           100%       N/A       1%          2
i - Fire Storm            Conj/Fire      57%        8d14      4%          9
j - Maxwell's Capacitive  Air            25%        ∞         100%        8
k - Lehudib's Crystal Sp  Conj/Erth      52%        10d12     2%          8

Your spell library contained the following spells:

 Spells                   Type           Power      Damage    Failure   Level
 Foxfire                  Conj/Fire      100%       2x1d9     1%          1
 Kiss of Death            Conj/Necr      100%       2d13      1%          1
 Magic Dart               Conj           100%       1d8       1%          1
 Sandblast                Erth           100%       2d20      1%          1
 Shock                    Conj/Air       100%       1d9       1%          1
 Sting                    Conj/Alch      100%       1d9       1%          1
 Cigotuvi's Dreadful Rot  Necr/Alch/Air  100%       N/A       1%          2
 Ensorcelled Hibernation  Hex/Ice        100%       N/A       1%          2
 Jinxbite                 Hex            100%       N/A       1%          2
 Mercury Vapours          Alch/Air       100%       N/A       1%          2
 Searing Ray              Conj           100%       2d8       1%          2
 Static Discharge         Conj/Air       100%       3-8/arc   1%          2
 Confusing Touch          Hex            80%        N/A       1%          3
 Hailstorm                Conj/Ice       86%        3d14      1%          3
 Inner Flame              Hex/Fire       99%        N/A       1%          3
 Maxwell's Portable Pile  Tloc           81%        2d(13-37) 1%          3
 Mephitic Cloud           Conj/Alch/Air  84%        N/A       1%          3
 Passwall                 Erth           92%        N/A       1%          3
 Sigil of Binding         Hex            80%        N/A       1%          3
 Stone Arrow              Conj/Erth      100%       3d13      1%          3
 Teleport Other           Tloc           81%        N/A       1%          3
 Tukima's Dance           Hex            80%        N/A       1%          3
 Volatile Blastmotes      Fire/Tloc      100%       2d18      1%          3
 Animate Armour           Summ/Erth      100%       N/A       1%          4
 Brom's Barrelling Bould  Conj/Erth      100%       2d11      1%          4
 Cause Fear               Hex            40%        N/A       1%          4
 Dimensional Bullseye     Hex/Tloc       40%        N/A       1%          4
 Flame Wave               Conj/Fire      100%       2d21      1%          4
 Fulminant Prism          Conj/Alch      48%        3d20      1%          4
 Ignite Poison            Fire/Alch      97%        N/A       1%          4
 Iskenderun's Mystic Bla  Conj/Tloc      99%        2d19      (+2d11%     4
 Leda's Liquefaction      Alch/Erth      42%        N/A       1%          4
 Olgreb's Toxic Radiance  Alch           75%        N/A       1%          4
 Petrify                  Alch/Erth      84%        N/A       1%          4
 Sticky Flame             Fire/Alch      97%        2d14      1%          4
 Summon Blazeheart Golem  Fire/Summ      86%        N/A       1%          4
 Vhi's Electric Charge    Tloc/Air       100%       N/A       1%          4
 Alistair's Intoxication  Alch           50%        N/A       1%          5
 Arcjolt                  Conj/Air       44%        1d54      1%          5
 Fireball                 Conj/Fire      57%        3d22      1%          5
 Freezing Cloud           Conj/Ice/Air   38%        6-21      1%          5
 Irradiate                Conj/Alch      48%        3d27      1%          5
 Iskenderun's Battlesphe  Conj           100%       2d15      1%          5
 Lee's Rapid Deconstruct  Erth           46%        3d22*     1%          5
 Bombard                  Conj/Erth      52%        9d9       1%          6
 Conjure Ball Lightning   Conj/Air       44%        3x3d15    1%          6
 Plasma Beam              Fire/Air       44%        2x1d58    1%          6
 Starburst                Conj/Fire      57%        6d15      1%          6
 Orb of Destruction       Conj           57%        9d14      1%          7
 Freeze                   Ice            100%       1d10      3%          1
 Necrotise                Necr           100%       1d9       3%          1
 Summon Small Mammal      Summ           100%       N/A       3%          1
 Swiftness                Air            50%        N/A       3%          3
 Anguish                  Hex/Necr       31%        N/A       3%          4
 Borgnjor's Vile Clutch   Necr/Erth      35%        N/A       3%          5
 Dispersal                Tloc           40%        N/A       3%          6
 Gell's Gavotte           Tloc           40%        2d(29-43) 3%          6
 Call Imp                 Summ           76%        N/A       4%          2
 Sublimation of Blood     Necr           38%        N/A       4%          2
 Silence                  Hex/Air        33%        N/A       4%          5
 Summon Forest            Summ/Tloc      32%        N/A       6%          5
 Call Canine Familiar     Summ           38%        N/A       7%          3
 Frozen Ramparts          Ice            76%        1d12      7%          3
 Fugue of the Fallen      Necr           38%        N/A       7%          3
 Ozocubu's Armour         Ice            38%        N/A       7%          3
 Summon Ice Beast         Ice/Summ       38%        N/A       7%          3
 Vampiric Draining        Necr           38%        2d8       7%          3
 Metabolic Englaciation   Hex/Ice        31%        N/A       7%          5
 Summon Mana Viper        Hex/Summ       63%        N/A       7%          5
 Eringya's Noxious Bog    Alch           37%        4d6       8%          6
 Spellforged Servitor     Conj/Summ      43%        N/A       8%          7
 Fulsome Fusillade        Conj/Alch      48%        (3-5)d14  9%          8
 Airstrike                Air            25%        2d(4-20)  10%         4
 Seismic Cannonade        Alch/Erth      42%        6d14      11%         7
 Permafrost Eruption      Ice/Erth       35%        2x4d8     13%         6
 Summon Lightning Spire   Summ/Air       44%        N/A       14%         4
 Manifold Assault         Tloc           40%        N/A       16%         7
 Enfeeble                 Hex            40%        N/A       19%         7
 Animate Dead             Necr           38%        N/A       21%         4
 Dispel Undead            Necr           38%        3d16      21%         4
 Martyr's Knell           Necr/Summ      38%        N/A       21%         4
 Magnavolt                Erth/Air       37%        3d18      38%         7
 Sculpt Simulacrum        Ice/Alch       30%        N/A       41%         6
 Curse of Agony           Necr           38%        N/A       47%         5
 Discord                  Hex            40%        N/A       78%         8
 Malign Gateway           Summ/Tloc      32%        N/A       82%         7
 Shatter                  Erth           46%        3d35*     93%         9
 Death Channel            Necr           19%        N/A       95%         6
 Summon Cactus Giant      Summ           19%        N/A       95%         6
 Chain Lightning          Conj/Air       44%        3d58      99%         9
 Haunt                    Necr/Summ      19%        N/A       100%        7
 Monstrous Menagerie      Summ           19%        N/A       100%        7
 Ozocubu's Refrigeration  Ice            19%        4d11      100%        7
 Rimeblight               Ice/Necr       19%        2d5       (prima100%   7
 Summon Hydra             Summ           19%        N/A       100%        7
 Borgnjor's Revivificati  Necr           19%        N/A       100%        8
 Infestation              Necr           19%        N/A       100%        8
 Summon Horrible Things   Summ           19%        N/A       100%        8
 Death's Door             Necr           19%        N/A       100%        9
 Dragon's Call            Summ           19%        N/A       100%        9
 Polar Vortex             Ice            19%        12d2*     100%        9


Dungeon Overview and Level Annotations

Branches:
Dungeon (15/15)            Temple (1/1) D:7            Lair (5/5) D:8
  Swamp (4/4) Lair:3        Snake (4/4) Lair:2        Slime (5/5) Lair:4
    Orc (2/2) D:12            Elf (3/3) Orc:2        Vaults (5/5) D:13
  Crypt (3/3) Vaults:3       Tomb (3/3) Crypt:3      Depths (4/4) D:15
   Hell (visited)             Dis (7/7) Hell            Geh (7/7) Hell
    Coc (7/7) Hell            Tar (7/7) Hell            Zot (5/5) Depths:4
  IceCv (visited)

Altars:
Ashenzari
Cheibriados
Dithmenos
Elyvilon
Fedhas
Gozag
Hepliaklqana
Kikubaaqudgha
Makhleb
Nemelex Xobeh
Okawaru
Qazlal
Ru
Sif Muna
Trog
Uskayaw
Vehumet
Wu Jian
Xom
Yredelemnul
Zin
The Shining One
Jiyva

Shops:
D:5 =   D:6 [   D:15 [   Orc:2 [***   Elf:1 *   Elf:2 [   Snake:1 :
Snake:2 [:   Vaults:3 ?   Vaults:4 *   Depths:1 :**

Portals:
Hell: Depths:1 Depths:2 Depths:3 Depths:4
Abyss: Depths:3 Depths:4
Pandemonium: Depths:2 Depths:3 Depths:4

Annotations:
D:3 1 runed translucent door, terelglass's ghost, weakling MDFi
Swamp:3 Esekla's ghost, adept DsWn
Elf:2 3 runed translucent doors


Innate Abilities, Weirdness & Mutations

Your spellcasting is much less encumbered by armour.
You can use scrolls of enchantment on lesser artefacts.
You are agile. (Dex +4, Str/Int -1)
You passively map a small area around you.
You are robust. (+10% HP)
Your spells are a little harder to cast, but a little more powerful.


Message History

i - 34 scrolls of teleportation (gained 1)
Your pack is full.
You see here a scroll of acquirement.
Something appears at your feet!
You see here the +4 crystal plate armour of Juatwist {Will+++ Dex-3 SInv}.
You see here the +4 crystal plate armour of Juatwist {Will+++ Dex-3 SInv}.
A hell beast comes into view.
A cherub comes into view.
It is wielding a +1 long sword of flaming.
There is a gate leading back out of this place here.
You see here a +4 falchion of electrocution.
There is a stone staircase leading down here.
You see here a +1 scale mail of willpower.
The cherub unwields a +1 long sword of flaming.
It stops flaming.
The cherub wields a +0 longbow.
The cherub shoots an arrow.
You block the arrow.
There is a gate leading back out of this place here.
You see here a book of Iron.
You pick up a book of Iron and begin reading...
Unfortunately, you learned nothing new. You block the hell beast's attack. x2
You block the hell beast's attack. x4
Welcome back to the Dungeon!
There is an empty arch of ancient stone here.
You chop the hell beast into pieces!!!
The hell beast convulses!!
The hell beast is almost dead.
You block the hell beast's attack. x2
You closely miss the hell beast.
The hell beast is almost dead.
The hell beast closely misses you. You block the hell beast's attack.
You slice the hell beast!!
You kill the hell beast!
The Shining One accepts your kill.
You feel your power returning.
No target in view!
Casting: Ignition (mildly dangerous; 1% risk of failure)
Confirm with . or Enter, or press ? or * to list all spells.
Okay, then.
Okay, then.
There is a staircase leading out of the dungeon here.
You can't go down here!
You have escaped!

## ##...........## #.# .#
#...#######...###.## .#
###.#.### #........# .#
#...#...# #...#....# .#
#.#####.# #####.##.# .#
#...#...# #.##.# .#
##..#..####### #.##.# .#
###....####∩.># #.##)#
.###............@# #.##.#
.....#....###.#### #.##.#
.#####.#.## #.# #.##.# .#
##..#.# #.# #.##.#
.###.#.#.# #.# #.##.#
.##.##.#.# ##.## #.##.#
.#.###.#.###...## #.##.#
..## #.#.##.....## #.##.#
.#####.#.#.......####.##.#


There were no monsters in sight!

Vanquished Creatures
  Asmodeus (Geh:7)
  Ereshkigal (Tar:7)
  the Royal Jelly (Slime:5)
  Gloorx Vloq (Pan)
  Mnoleg (Pan)
  Lom Lobon (Pan)
  A seraph (Pan)
  Frederick (Vaults:4)
  13 dread liches
  4 orbs of fire
  21 ancient liches
  Mennas (Crypt:1)
  4 juggernauts
  22 royal mummies
  Xtahua (Vaults:2)
  Josephina (Depths:4)
  9 Killer Klowns
  25 pandemonium lords
  Vashnia (Snake:3)
  Bai Suzhen (Vaults:4)
  18 shard shrikes
  2 curse toes
  19 golden dragons
  50 caustic shrikes
  Geryon (Hell)
  Nikola (Swamp:2)
  16 bone dragons
  2 pearl dragons (Pan)
  10 profane servitors
  5 electric golems
  5 doom hounds
  18 Tzitzimimeh
  Norris (Depths:1)
  18 Brimstone Fiends
  21 hellephants
  A spectral shard shrike (Tar:4)
  20 Hell Sentinels
  33 Ice Fiends
  8 tainted leviathans
  15 iron giants
  Jorgrun (Swamp:2)
  A walking crystal tome (Depths:4)
  22 tentacled monstrosities
  44 titans
  48 searing wretches
  10 liches
  Mlioglotl (Swamp:3)
  42 Orb Guardians
  A walking divine tome (Depths:3)
  19 deep elf master archers
  4 quicksilver dragons
  23 deep elf blademasters
  11 sphinxes
  4 walking frostbound tomes
  10 tentacled starspawn
  10 death cobs
  18 acid blobs
  37 Executioners
  An eldritch tentacle (Pan)
  3 thorn hunters
  15 shadow dragons
  3 tengu reavers
  35 ancient champions
  36 azure jellies
  Agnes (Snake:2)
  Frances (Snake:1)
  14 storm dragons
  10 protean progenitors
  8 revenants
  Aizul (Snake:3)
  12 nagarajas
  25 daevas
  9 demonspawn warmongers
  The ghost of Pooter the Severer, a journeyman MiBe of Trog (Snake:2)
  28 narguns
  9 emperor scorpions
  8 fenstrider witches
  7 quicksilver elementals
  8 deep elf sorcerers
  15 rockslimes (Slime:5)
  15 draconian knights
  20 draconian monks
  28 fire giants
  22 vault wardens
  7 deep elf elementalists
  38 frost giants
  72 balrugs
  13 iron dragons
  4 ghouls
  20 draconian shifters
  36 orc warlords
  21 draconian scorchers
  17 cacodemons
  5 curse skulls
  19 ghost moths
  11 shard shrike simulacra
  24 angels
  6 juggernaut skeletons (Pan)
  42 reapers
  16 draconian stormcallers
  16 demonspawn corrupters
  3 broodmothers
  7 ironbound thunderhulks
  A quicksilver ooze (shapeshifter) (Vaults:5)
  27 ironbound preservers
  15 demonspawn blood saints (Pan)
  19 quicksilver oozes
  10 caustic shrike skeletons
  A spriggan defender (Depths:3)
  9 formless jellyfish
  52 stone giants
  24 draconian annihilators
  6 bennus
  9 putrid mouths
  15 white draconians
  22 elemental wellsprings
  21 very ugly things
  27 apis (Pan)
  18 dire elephants
  19 deep elf annihilators
  16 demonspawn black suns (Pan)
  12 ophanim (Pan)
  10 deep elf demonologists
  19 black draconians
  11 vampire knights
  11 lorocyprocas (Pan)
  19 yellow draconians
  24 green draconians
  10 eleionomae
  19 wendigos
  12 deep elf death magi
  14 spark wasps
  A spectral titan (Tar:4)
  11 bunyips
  24 purple draconians
  4 eidola
  27 war gargoyles
  21 red draconians
  Azrael (D:13)
  10 iron golems
  31 blizzard demons
  A quicksilver dragon zombie (Crypt:3)
  30 ettins
  5 merfolk impalers (Zig:7)
  A spectral quicksilver dragon (Tar:1)
  19 mummy priests
  25 green deaths
  3 merfolk javelineers
  13 entropy weavers
  A spectral spriggan (Tar:3)
  8 fire dragons
  3 crystal guardians (Zig:23)
  19 yaktaur captains
  2 entropy weavers (shapeshifter)
  4 shambling mangroves
  14 jiangshi
  A spriggan zombie (Zig:4)
  15 deep elf high priests
  12 great orbs of eyes
  3 quicksilver dragon skeletons (Crypt:3)
  17 ice dragons
  3 rakshasas
  A spriggan air mage (Depths:4)
  47 vault guards
  3 ghost crabs
  9 salamander tyrants
  An alligator snapping turtle (Zig:7)
  5 caustic shrike simulacra
  11 ironbound frosthearts
  7 hell beasts
  A spectral stone giant (Tar:1)
  2 juggernaut simulacra (Coc:7)
  7 radroaches
  25 hydras
  10 alligators
  22 centaur warriors
  8 ogre magi
  6 stokers
  22 anacondas
  5 merfolk aquamancers
  43 dancing weapons
  3 spriggan skeletons (Crypt:3)
  2 death knights
  7 jorogumos
  11 two-headed ogres
  12 catoblepae
  22 death scarabs
  A two-headed ogre (shapeshifter) (Zig:16)
  7 deep troll shamans
  4 death yaks
  9 tengu warriors
  11 boulder beetles
  A spectral storm dragon (Tar:1)
  48 hell hogs
  2 fenstrider witch skeletons (Crypt:3)
  7 vampire magi
  21 orc high priests
  A titan zombie (Zig:4)
  16 demonic crawlers
  14 spriggan berserkers
  16 deep troll earth magi
  21 naga sharpshooters
  A shock serpent (shapeshifter) (Zig:18)
  5 thrashing horrors
  4 holy swine (Abyss:3)
  23 naga warriors
  28 deep elf knights
  21 shock serpents
  23 soul eaters
  11 wretched stars
  18 hell knights
  6 hellephant skeletons (Pan)
  50 skeletal warriors
  6 crystal echidnas
  A titan skeleton (Tomb:1)
  22 skysharks
  17 iron trolls
  144 sun demons
  8 pharaoh ants
  21 shadow wraiths
  A skyshark (shapeshifter) (Zig:18)
  8 salamander mystics
  2 spatial maelstroms (Zig:15)
  34 deep elf archers
  18 sixfirhies
  6 goliath frogs
  3 death drakes
  3 sea snakes (Zig:20)
  11 glowing orange brains
  A sea snake (shapeshifter) (Zig:18)
  5 bog bodies
  A spectral anaconda (Tar:3)
  A storm dragon skeleton (Crypt:3)
  47 deep trolls
  22 shadow demons
  2 anaconda zombies (Hell)
  3 elf simulacra (Elf:1)
  13 mana vipers
  A spectral iron dragon (Tar:3)
  9 flayed ghosts
  19 spriggan druids
  10 swamp dragons
  6 obsidian statues
  2 bunyip skeletons
  5 arcanists
  5 steelbarb worms
  7 orange crystal statues
  6 naga ritualists
  8 sun moths
  2 mana vipers (shapeshifter) (Zig:18)
  6 orb spiders
  23 phantasmal warriors
  10 spriggan simulacra
  2 harpies
  A swamp dragon (shapeshifter) (Zig:10)
  24 ironbound convokers
  14 cherubim (Pan)
  28 orc knights
  A tengu zombie (Zig:8)
  45 deep elf zephyrmancers
  An alligator zombie (Hell)
  20 lindwurms
  28 starcursed masses
  7 obsidian bats
  62 deep elf pyromancers
  2 sphinx simulacra
  6 thermic dynamos
  17 orc sorcerers
  7 wolf spiders
  7 necromancers
  An oklob plant (Lair:5)
  A fenstrider witch simulacrum (Coc:1)
  A spectral ettin (Tar:1)
  55 ugly things
  23 salamanders
  45 moths of wrath
  7 shining eyes
  A fire giant zombie (Crypt:2)
  11 manticores
  52 large abominations
  12 will-o-the-wisps
  A worldbinder (Abyss:3)
  4 Executioner simulacra (Pan)
  An alligator skeleton (Tomb:1)
  A meliai (shapeshifter) (Zig:11)
  6 cyclopes
  A toenail golem (Zig:16)
  2 meliai
  14 elephants
  53 black mambas
  17 kobold blastminers
  2 merfolk sirens (Zig:7)
  8 water nymphs
  18 orange demons
  14 ice statues
  13 guardian serpents
  11 rust devils
  77 smoke demons
  2 elephants (shapeshifter)
  25 naga magi
  28 vault sentinels
  A stone giant skeleton (Tomb:1)
  4 apocalypse crabs
  4 molten gargoyles
  Maggie (D:7)
  A storm dragon simulacrum (Depths:4)
  9 gargoyles
  30 cane toads
  3 titan simulacra
  4 eyes of devastation
  30 hellions
  An elephant slug zombie (Crypt:3)
  30 torpor snails
  2 centaur skeletons
  29 tormentors
  4 naga skeletons (Crypt:3)
  2 kobold demonologists
  2 sea snake zombies
  A dire elephant skeleton (Crypt:3)
  47 yaktaurs
  A tengu conjurer (D:14)
  27 rime drakes
  22 komodo dragons
  3 bunyip simulacra
  3 anaconda simulacra
  9 efreet
  3 golden dragon simulacra
  10 freezing wraiths
  A purple draconian skeleton (Crypt:1)
  15 ice devils
  3 unseen horrors
  3 hydra zombies (Hell)
  A spectral harpy (Tar:3)
  9 ancient zymes
  3 merfolk (Zig:7)
  7 red devils
  4 iron giant simulacra (Coc:7)
  44 guardian mummies
  23 trolls
  A sea snake skeleton (Crypt:3)
  A silent spectre (Tar:2)
  37 polar bears
  3 human skeletons
  8 tyrant leeches
  A tengu simulacrum (Vaults:2)
  A troll (shapeshifter) (D:11)
  24 hellwings
  Grinder (D:3)
  Prince Ribbit (D:6)
  9 tarantellas
  26 hornets
  A shadow dragon simulacrum (Coc:1)
  2 iron dragon simulacra
  A polar bear (shapeshifter) (Zig:22)
  7 raiju
  21 blink frogs
  A spectral guardian serpent (Snake:2)
  4 wind drakes
  12 dream sheep
  8 jumping spiders
  8 harpy skeletons
  A snapping turtle (shapeshifter) (Zig:11)
  A shock serpent simulacrum (Snake:2)
  2 culicivoras
  A fire giant simulacrum (Zig:8)
  A stone giant simulacrum (Coc:3)
  82 slime creatures
  2 ettin skeletons
  47 ynoxinuls
  A shadow (Zig:14)
  6 snapping turtles
  A spectral black mamba (Snake:2)
  A culicivora (shapeshifter) (Vaults:5)
  18 spriggans
  5 air elementals
  4 wyverns
  2 yaks (shapeshifter)
  32 ushabtiu
  5 wraiths
  A centaur simulacrum (Abyss:3)
  2 fire bats (Depths:2)
  3 dire elephant simulacra
  45 yaks
  2 vampires
  30 water elementals
  19 fire elementals
  A human (Vaults:1)
  A human (shapeshifter) (D:11)
  A black mamba skeleton (Crypt:3)
  12 basilisks
  A hog (shapeshifter) (Zig:11)
  A steam dragon (Lair:1)
  17 wargs
  9 golden eyes
  10 vampire mosquitoes
  A swamp worm (shapeshifter) (Zig:6)
  45 chaos spawn
  18 redbacks
  29 neqoxecs
  60 nagas
  13 harpy simulacra
  2 glowing shapeshifter zombies (Crypt:3)
  A demonspawn zombie (Crypt:1)
  11 swamp worms
  31 hell hounds
  An acid dragon (D:11)
  36 water moccasins
  A hydra simulacrum (Coc:1)
  2 spectral nagas
  11 swamp drakes
  3 sky beasts
  A water nymph skeleton (Crypt:2)
  2 ice beasts
  14 black bears
  125 orc warriors
  30 laughing skulls
  4 black mamba simulacra (Snake:2)
  48 ogres
  3 ettin simulacra
  4 boggarts (Vaults:3)
  37 wolves
  10 centaurs
  A hog zombie (Crypt:1)
  8 kobold brigands
  12 bullfrogs
  A wyvern zombie (Crypt:2)
  5 small abominations
  10 earth elementals
  2 scorpions (D:5)
  A warg skeleton (Crypt:2)
  6 naga simulacra
  8 killer bees
  A polar bear skeleton (Crypt:3)
  A yak skeleton (Crypt:1)
  3 electric eels (D:10)
  9 howler monkeys
  2 raiju skeletons
  4 lava snakes
  A bombardier beetle (D:6)
  2 jellies (D:5)
  A salamander simulacrum (Snake:2)
  3 hounds
  25 orc priests
  2 gnoll boudas
  2 sleepcaps
  3 iguanas
  19 orc wizards
  A tengu skeleton (Crypt:2)
  41 mummies
  23 gnolls
  5 adders
  A steam dragon skeleton (Crypt:3)
  3 shadow imps
  3 white imps
  A ribbon worm (D:2)
  50 orcs
  5 ball pythons
  3 bats
  An endoplasm (D:1)
  9 giant cockroaches
  8 goblins
  10 hobgoblins
  5 jackals
  43 kobolds
  4 quokkas
  2 frilled lizards
  An orc zombie (Crypt:1)
  3 rats
  2 river rat skeletons
  3 aspiring fleshes
  4 ball lightnings (Pan)
  2 butterflies
  2 creeping infernos
  19 fire vortices
  A spectral weapon (Zig:27)
  11 starspawn tentacles
6035 creatures vanquished.

Vanquished Creatures (collateral kills)
  Antaeus (Coc:7)
  2 dread liches
  Dispater (Dis:7)
  A royal mummy (Zig:4)
  3 caustic shrikes
  An iron giant (Zig:17)
  A sphinx (Zig:10)
  A shadow dragon (Zig:6)
  3 quicksilver elementals
  5 narguns (Coc:7)
  A fire giant (Zig:10)
  A balrug (Geh:7)
  A bennu (Tomb:3)
  An iron golem (Zig:23)
  A mummy priest (Tomb:3)
  A fire dragon (Zig:3)
  A two-headed ogre (D:8)
  A wretched star (Zig:14)
  A crystal echidna (Zig:17)
  A fire giant skeleton (Zig:8)
  A guardian mummy (Tomb:3)
  5 ushabtiu (Tomb:3)
  An orc priest (D:8)
  A mummy (Tomb:3)
  An orc (D:8)
  A foxfire (Lair:5)
39 creatures vanquished.

Vanquished Creatures (others)
  Cerebov (Pan)
  An ancient lich (Vaults:5)
  A Killer Klown (Zig:11)
  A tentacled monstrosity (Zig:20)
  A nargun (Coc:1)
  3 draconian knights
  2 fire giants
  A draconian scorcher (Zot:2)
  A draconian annihilator (Pan)
  A ghost moth (Zot:3)
  A very ugly thing (Zig:11)
  A demonspawn blood saint (Pan)
  A war gargoyle (Zig:17)
  3 bennus (Zig:8)
  A wendigo (Coc:1)
  A blizzard demon (Pan)
  A radroach (Zig:20)
  A naga warrior (Snake:1)
  A deep elf knight (Elf:2)
  A sun demon (Zig:8)
  A soul eater (Depths:1)
  A goliath frog (Zig:20)
  A spriggan simulacrum (Coc:1)
  A lindwurm (Lair:5)
  A lindwurm (shapeshifter) (Depths:2)
  A deep elf pyromancer (Slime:5)
  An ugly thing (Depths:4)
  A moth of wrath (Zig:20)
  A will-o-the-wisp (Swamp:2)
  A rust devil (Hell)
  An ice statue (Pan)
  A smoke demon (Pan)
  An anaconda simulacrum (Coc:2)
  A hellion (Coc:1)
  A bloated husk (Swamp:1)
  A centaur simulacrum (Coc:2)
  A slime creature (Slime:1)
  A dire elephant simulacrum (Coc:1)
  2 naga simulacra
  2 water elementals (Zig:17)
  An ushabti (Tomb:3)
  2 harpy simulacra (Coc:1)
  A small abomination (Zig:8)
  2 swamp worms (Swamp:2)
  A hydra simulacrum (Coc:1)
  A swamp drake (Swamp:4)
  A boggart (Vaults:3)
  5 ball lightnings (Pan)
  A creeping inferno (Geh:7)
  92 fire vortices
  189 foxfires
  6 starspawn tentacles
349 creatures vanquished.

Grand Total: 6423 creatures vanquished

Notes
Turn   | Place    | Note
-------+----------+-------------------------------------------
     0 | D:1      | bananaken the Mountain Dwarf Cinder Acolyte began the quest
                  | for the Orb.
     0 | D:1      | Reached XP level 1. HP: 19/19 MP: 2/2
   274 | D:1      | Reached XP level 2. HP: 25/26 MP: 3/3
   752 | D:1      | Learned a level 2 spell: Scorch
  1069 | D:2      | Reached XP level 3. HP: 31/33 MP: 4/4
  1328 | D:2      | Identified the +1 robe of Qutuohim {*Slow Fly rPois Regen+}
  1998 | D:3      | Found a sparkling altar of Nemelex Xobeh.
  2115 | D:3      | Noticed Grinder
  2125 | D:3      | Paralysed by Grinder for 2 turns
  2135 | D:3      | Killed Grinder
  2136 | D:3      | Reached skill level 5 in Fighting
  2136 | D:3      | Reached skill level 5 in Axes
  2136 | D:3      | Reached skill level 5 in Fire Magic
  2136 | D:3      | Reached XP level 4. HP: 13/42 MP: 1/5
  2136 | D:3      | Reached XP level 5. HP: 14/48 MP: 1/6
  2214 | D:3      | Reached XP level 6. HP: 52/56 MP: 5/7
  2495 | D:3      | Reached XP level 7. HP: 61/62 MP: 6/8
  2797 | D:3      | Found a runed translucent door.
  2803 | D:3      | Noticed terelglass's ghost (weakling MDFi)
  3465 | D:4      | Reached skill level 1 in Evocations
  4286 | D:5      | Entered Level 5 of the Dungeon
  4289 | D:5      | Reached XP level 8. HP: 70/70 MP: 9/9
  5161 | D:5      | Found Vun Puto's Jewellery Shoppe.
  5423 | D:6      | Reached skill level 10 in Axes
  5724 | D:6      | Reached skill level 5 in Evocations
  5895 | D:6      | Found Gerij's Antique Armour Emporium.
  6108 | D:6      | Noticed Prince Ribbit
  6117 | D:6      | Killed Prince Ribbit
  6118 | D:6      | Reached XP level 9. HP: 70/75 MP: 1/10
  6933 | D:7      | Reached skill level 1 in Armour
  6989 | D:7      | Found a staircase to the Ecumenical Temple.
  6990 | D:7      | Noticed Maggie
  6997 | D:7      | Killed Maggie
  7272 | D:7      | Found a white marble altar of Elyvilon.
  7894 | D:8      | Noticed a two-headed ogre
  8037 | D:8      | Reached XP level 10. HP: 76/83 MP: 6/11
  8261 | D:8      | Found a snail-covered altar of Cheibriados.
  8329 | D:8      | Found a staircase to the Lair.
  8375 | D:8      | Killed a two-headed ogre
  8536 | D:8      | Found an ancient bone altar of Kikubaaqudgha.
  8537 | D:8      | Noticed a two-headed ogre
  8579 | D:8      | Killed a two-headed ogre
  8580 | D:8      | Reached skill level 5 in Armour
  8620 | D:8      | Reached skill level 1 in Dodging
  9326 | D:9      | Noticed a two-headed ogre
  9332 | D:9      | Killed a two-headed ogre
  9543 | D:9      | Reached skill level 15 in Axes
  9666 | D:9      | Reached XP level 11. HP: 75/89 MP: 6/12
 10293 | D:10     | Entered Level 10 of the Dungeon
 11147 | D:10     | Found a portal to a secret trove of treasure.
 11963 | D:11     | Noticed a two-headed ogre
 11964 | D:11     | Noticed a centaur warrior
 11976 | D:11     | Killed a two-headed ogre
 11977 | D:11     | Reached skill level 5 in Dodging
 11979 | D:11     | Noticed a centaur warrior
 11981 | D:11     | Noticed a centaur warrior
 11985 | D:11     | Killed a centaur warrior
 11986 | D:11     | Reached skill level 1 in Throwing
 12118 | Lair:1   | Entered Level 1 of the Lair of Beasts
 12722 | Lair:1   | Reached XP level 12. HP: 100/100 MP: 10/13
 13235 | Lair:2   | Noticed a five-headed hydra
 13815 | Lair:2   | Killed a four-headed hydra
 14339 | Lair:2   | Found a staircase to the Snake Pit.
 15000 | Lair:3   | Found a staircase to the Swamp.
 15485 | D:5      | Bought the ring of the Shrike {rPois rF+ rC+ Dex+2 SInv}
                  | for 670 gold pieces
 16098 | Lair:4   | Found a staircase to the Slime Pits.
 16105 | Lair:4   | Found a viscous altar of Jiyva.
 16286 | Lair:4   | Reached skill level 5 in Throwing
 16402 | Lair:4   | Reached XP level 13. HP: 97/111 MP: 6/14
 16986 | Lair:5   | Entered Level 5 of the Lair of Beasts
 17104 | Lair:5   | Reached skill level 1 in Shields
 17516 | Lair:4   | Reached skill level 5 in Shields
 18260 | Lair:5   | Reached skill level 10 in Shields
 18446 | Lair:5   | Identified the maw talisman of Puqoedaf {rElec Str+6 Int-4
                  | Dex-3}
 18663 | Lair:5   | Reached XP level 14. HP: 112/118 MP: 8/15
 19111 | Swamp:1  | Entered Level 1 of the Swamp
 19139 | Lair:3   | Reached skill level 10 in Fighting
 19437 | D:11     | Found a hide-covered altar of Uskayaw.
 19538 | D:11     | Noticed a tengu reaver
 19563 | D:11     | Killed a tengu reaver
 19790 | D:11     | Identified the +9 quarterstaff of Symmetry {flame, ^Fragile
                  | Str+5 Dex+2}
 19819 | D:11     | Identified the +2 lajatang of the Pit {elec, *Noise Int+4
                  | Dex+4 SInv}
 20532 | Temple   | Entered the Ecumenical Temple
 20881 | D:12     | You fall into a shaft and drop 1 floor!
 20913 | D:13     | Noticed Azrael
 20928 | D:13     | Killed Azrael
 21590 | D:12     | Found a staircase to the Orcish Mines.
 22240 | D:13     | Found a gate to the Vaults.
 22249 | D:13     | Reached XP level 15. HP: 124/130 MP: 16/16
 22554 | D:13     | Identified the +1 quarterstaff of Wogelinn {venom, rElec
                  | rCorr}
 22674 | D:13     | Identified a scroll of acquirement
 22674 | D:13     | Acquired 249 gold pieces
 22860 | D:14     | Reached skill level 10 in Armour
 23019 | D:14     | Reached skill level 10 in Evocations
 23430 | D:15     | Entered Level 15 of the Dungeon
 23486 | D:15     | Identified the +0 leather armour "Wylaluck" {rF+ Dex+2}
 23904 | D:15     | Found Dufouw's Armour Boutique.
 24142 | D:15     | Found a staircase to the Depths.
 24339 | Orc:1    | Entered Level 1 of the Orcish Mines
 24605 | Orc:2    | Entered Level 2 of the Orcish Mines
 25000 | Orc:2    | Found a staircase to the Elven Halls.
 25006 | Orc:2    | Found an iron altar of Okawaru.
 25123 | Orc:2    | Found Paceac's General Store.
 25123 | Orc:2    | Found Kidana's Assorted Antiques.
 25125 | Orc:2    | Found Jiatsydu's Armour Shop.
 25127 | Orc:2    | Found Ysseystyu's Assorted Antiques.
 25134 | Orc:2    | Bought a +2 pair of gloves of strength for 365 gold pieces
 25150 | Orc:2    | Bought a glittering pewter ring for 200 gold pieces
 25150 | Orc:2    | Identified the ring of Meaggovagu {rF- Str+7 Dex-5 Slay+4
                  | SInv} (You bought it in a shop on level 2 of the Orcish
                  | Mines)
 25150 | Orc:2    | Bought a scroll of blinking for 300 gold pieces
 25293 | Orc:2    | Fell from the grace of Ignis
 25293 | Orc:2    | Became a worshipper of Warmaster Okawaru
 25577 | Swamp:1  | Reached * piety under Okawaru
 25893 | Swamp:2  | Noticed Nikola
 25917 | Swamp:1  | Reached skill level 1 in Invocations
 25917 | Swamp:1  | Reached XP level 16. HP: 93/143 MP: 17/17
 25929 | Swamp:2  | Killed Nikola
 25935 | Swamp:2  | Noticed Jorgrun
 25947 | Swamp:2  | Killed Jorgrun
 25947 | Swamp:2  | Reached ** piety under Okawaru
 26055 | Swamp:2  | Noticed a thorn hunter
 26064 | Swamp:2  | Killed a thorn hunter
 26658 | Swamp:3  | Noticed Mlioglotl
 26662 | Swamp:3  | Reached *** piety under Okawaru
 26672 | Swamp:3  | Killed Mlioglotl
 26673 | Swamp:3  | Reached skill level 5 in Invocations
 26862 | Swamp:3  | Noticed Esekla's ghost (adept DsWn)
 26879 | Swamp:3  | Found a runed translucent door.
 26936 | Swamp:3  | Reached **** piety under Okawaru
 27485 | Swamp:4  | Entered Level 4 of the Swamp
 27524 | Swamp:4  | Noticed a thorn hunter
 27552 | Swamp:3  | HP: 5/146 [lindwurm/blast of flame (23)]
 27665 | Swamp:3  | You are sucked into a shaft and drop 1 floor!
 27721 | Swamp:4  | HP: 1/146 [will-o-the-wisp/foxfire (20)]
 27864 | Swamp:4  | Killed a thorn hunter
 28056 | Swamp:4  | Reached skill level 15 in Shields
 28137 | Swamp:4  | Got a decaying rune of Zot
 28165 | Swamp:4  | Reached ***** piety under Okawaru
 28394 | Swamp:3  | Reached XP level 17. HP: 154/154 MP: 23/23
 28630 | Vaults:1 | Entered Level 1 of the Vaults
 28656 | Vaults:1 | Received a gift from Okawaru
 28736 | Vaults:1 | Reached skill level 15 in Fighting
 28756 | Vaults:1 | Found a flickering gateway to a bazaar.
 28789 | Bazaar   | Entered a bazaar
 28827 | Bazaar   | Found Lathry's Distillery.
 28839 | Bazaar   | Was forgiven by Ignis
 28847 | Bazaar   | Found Vateamuz's Weapon Shoppe.
 28852 | Bazaar   | Found Rocwoolo's Antique Armour Shop.
 28862 | Bazaar   | Found Neem's General Store.
 28868 | Bazaar   | Found Iplad's Armour Emporium.
 28876 | Bazaar   | Bought the +2 pair of gloves of Conscience {rPois rF+
                  | rCorr} for 268 gold pieces
 28892 | Bazaar   | Bought a scroll of blinking for 120 gold pieces
 28907 | Bazaar   | Bought 5 silver javelins for 495 gold pieces
 28944 | Bazaar   | Bought a potion of heal wounds for 65 gold pieces
 28944 | Bazaar   | Bought a potion of haste for 130 gold pieces
 29171 | Vaults:1 | You fall into a shaft and drop 1 floor!
 29182 | Vaults:1 | Reached skill level 10 in Invocations
 29198 | Vaults:1 | Identified the +3 scale mail "Xumuhown" {Rampage}
 29755 | Vaults:1 | Received a gift from Okawaru
 30240 | Elf:1    | Entered Level 1 of the Elven Halls
 30241 | Elf:1    | Paralysed by an air elemental for 1 turns
 30247 | Elf:1    | Paralysed by an air elemental for 1 turns
 30287 | Elf:1    | Found a glacial archway.
 30315 | IceCv    | Entered an ice cave
 30579 | IceCv    | Received a gift from Okawaru
 30604 | IceCv    | Identified the +7 orcbow "Rykhu" {antimagic, rN+ Dex+2}
 30800 | IceCv    | Reached XP level 18. HP: 101/168 MP: 27/27
 31208 | Elf:1    | Received a gift from Okawaru
 31230 | Elf:1    | Identified the +2 battleaxe of Discretion {freeze, rElec
                  | rF+ Will+}
 31512 | D:10     | You paid a toll of 3 scrolls of blinking to enter a
                  | treasure trove
 31513 | Trove    | Entered a treasure trove
 31524 | Trove    | Identified the ring "Ymeic" {rF+ Int+6}
 31526 | Trove    | Identified the ring of Violets {rC+ Int+6}
 31530 | Trove    | Identified the ring of Fomu {rC+ Int+2}
 31532 | Trove    | Identified the ring "Pioxef" {rPois rC- Will+ Int+4}
 31546 | Trove    | Identified the ring of Dim Light {rPois rC++ MP-9 Str+3
                  | Dex+6}
 31551 | Trove    | Identified the ring "Qoefuclu" {rF+ Str+2 Dex+3}
 31552 | Trove    | Identified the ring "Dooferph" {Str+2 Int+6 Dex+2 Stlth+}
 31846 | Depths:1 | Entered Level 1 of the Depths
 32024 | Depths:1 | Found Leffodo's Pet Rocks.
 32077 | Depths:1 | Bought a wand of digging (4) for 386 gold pieces
 32077 | Depths:1 | Bought a wand of digging (1) for 96 gold pieces
 32128 | Depths:1 | Noticed a lich
 32156 | Depths:1 | Killed a lich
 32195 | Depths:1 | Received a gift from Okawaru
 32273 | Depths:1 | Found Boqapn's Book Shoppe.
 32572 | Depths:1 | Found Titis Lemo's General Store.
 32724 | Depths:1 | Noticed Norris
 32743 | Depths:1 | Killed Norris
 33169 | Depths:1 | Found a gateway to Hell.
 33175 | Depths:1 | Received a gift from Okawaru
 33593 | Depths:2 | Found a one-way gate leading to the halls of Pandemonium.
 33807 | Depths:2 | Reached skill level 15 in Invocations
 34268 | Depths:2 | Received a gift from Okawaru
 34269 | Depths:2 | Reached XP level 19. HP: 167/175 MP: 30/30
 34702 | Depths:2 | Noticed a caustic shrike
 34713 | Depths:2 | Killed a caustic shrike
 34713 | Depths:2 | Received a gift from Okawaru
 35286 | Depths:3 | Received a gift from Okawaru
 35727 | Depths:3 | Found a one-way gate to the infinite horrors of the Abyss.
 35796 | Depths:3 | Reached ****** piety under Okawaru
 35797 | Depths:3 | Acquired a +5 executioner's axe of freezing
 35797 | Depths:3 | Received a gift from Okawaru
 35799 | Depths:3 | Acquired the scarf of Good Intentions {+Inv, rElec rF+
                  | Dex+2}
 35799 | Depths:3 | Received a gift from Okawaru
 35860 | Depths:3 | Identified the +4 rapier of Makhleb, Healing {flame, MP-9
                  | Str+5 SInv}
 36077 | Depths:3 | Noticed a golden dragon
 36088 | Depths:3 | Noticed a caustic shrike
 36116 | Depths:3 | Killed a golden dragon
 36207 | Depths:3 | Received a gift from Okawaru
 36269 | Depths:3 | Reached XP level 20. HP: 80/191 MP: 29/32
 36333 | Depths:3 | Killed a caustic shrike
 36341 | Depths:3 | Identified the +1 lajatang "Icvedairph" {venom, Dex+4
                  | Stlth+}
 36488 | Depths:3 | Identified the ring "Juarevom" {rElec Int+6}
 36758 | Depths:4 | Entered Level 4 of the Depths
 36863 | Depths:4 | Received a gift from Okawaru
 37069 | Depths:4 | Reached skill level 15 in Armour
 37139 | Depths:4 | Received a gift from Okawaru
 37315 | Depths:4 | Found a gate to the Realm of Zot.
 37326 | Depths:4 | Noticed a golden dragon
 37340 | Depths:4 | Killed a golden dragon
 37983 | Elf:1    | Received a gift from Okawaru
 38152 | Elf:1    | Found Qaecwo Vikko's General Store.
 38157 | Elf:1    | Bought a potion of mutation for 112 gold pieces
 38157 | Elf:1    | Bought a potion of resistance for 140 gold pieces
 38441 | Elf:2    | Reached skill level 10 in Throwing
 38628 | Elf:2    | Found Ilafor's Antique Armour Shop.
 38710 | Elf:2    | Received a gift from Okawaru
 38718 | Elf:2    | Reached XP level 21. HP: 195/201 MP: 33/33
 38926 | Elf:2    | Found a runed translucent gate.
 38927 | Elf:2    | Found a runed translucent gate.
 38927 | Elf:2    | Found a runed translucent gate.
 38968 | Elf:3    | Entered Level 3 of the Elven Halls
 39549 | Elf:3    | Received a gift from Okawaru
 39802 | Elf:3    | Identified the +10 battleaxe of Arcadian True Grit {spect,
                  | rElec rPois Str+3 Dex-3}
 39802 | Elf:3    | Identified the +10 long sword of the Crafting Oracle {holy,
                  | rElec rPois MP+9 Dex+2}
 39942 | Elf:3    | Identified the +5 whip of Pemig {freeze, Str+3 Dex+3 SInv}
 39973 | Elf:3    | Identified the ring "Rinio" {Ice rElec rPois Str+3 Int-5}
 40144 | Elf:3    | Identified the ring of Darkness {+Blink EV+5 Dex+2}
 40335 | Elf:3    | Paralysed by an air elemental for 1 turns
 40343 | Elf:3    | Paralysed by an air elemental for 1 turns
 40416 | Elf:3    | Learned a level 2 spell: Lesser Beckoning
 40799 | Snake:1  | Entered Level 1 of the Snake Pit
 40841 | Snake:1  | Noticed Frances
 40854 | Snake:1  | Killed Frances
 40977 | Snake:1  | Found Ehejiun's Book Shoppe.
 41071 | Snake:1  | Reached skill level 1 in Translocations
 41145 | Snake:1  | Acquired a manual of Shields
 42106 | Snake:2  | Received a gift from Okawaru
 42159 | Snake:2  | Found Zumer's Self-Published Books.
 42308 | Snake:2  | Found Niqoaqo's Antique Armour Shoppe.
 42466 | Snake:2  | Noticed Agnes
 42476 | Snake:2  | Killed Agnes
 42502 | Snake:2  | Found a runed translucent gate.
 42502 | Snake:2  | Found a runed translucent gate.
 42502 | Snake:2  | Found a runed translucent gate.
 42503 | Snake:2  | Noticed Pooter's ghost (journeyman MiBe)
 42558 | Snake:2  | Killed Pooter's ghost
 42569 | Snake:2  | Identified the amulet of Fykiwkas {rPois rC+ RegenMP+}
 43000 | Snake:3  | Received a gift from Okawaru
 43126 | Snake:3  | Identified the serpent talisman "Qifad" {rElec rC++ Int+3
                  | Dex-5}
 43126 | Snake:3  | Noticed Aizul
 43136 | Snake:3  | Killed Aizul
 43271 | Snake:3  | Noticed Vashnia
 43307 | Snake:3  | Killed Vashnia
 43322 | Snake:3  | Reached XP level 22. HP: 213/213 MP: 34/34
 43463 | Snake:4  | Entered Level 4 of the Snake Pit
 43754 | Snake:4  | Received a gift from Okawaru
 43910 | Snake:4  | Gained mutation: Your spells are a little harder to cast,
                  | but a little more powerful. [potion of mutation]
 43910 | Snake:4  | Gained mutation: You are partially covered in iridescent
                  | scales. (AC +2) [potion of mutation]
 43910 | Snake:4  | Gained mutation: Your muscles are strong. (Str +4, Int/Dex
                  | -1) [potion of mutation]
 44314 | Snake:4  | Reached skill level 5 in Spellcasting
 44331 | Snake:4  | Received a gift from Okawaru
 44411 | Snake:4  | Reached skill level 5 in Translocations
 44451 | Snake:4  | Got a serpentine rune of Zot
 45336 | Vaults:2 | Noticed Xtahua
 45343 | Vaults:2 | Received a gift from Okawaru
 45356 | Vaults:2 | Paralysed by Xtahua for 5 turns
 45366 | Vaults:2 | Paralysed by Xtahua for 3 turns
 45373 | Vaults:2 | Killed Xtahua
 45417 | Vaults:2 | Identified the +1 arbalest "Etorchil" {penet, rElec MP+9
                  | Int+5 Dex-2}
 45860 | Vaults:2 | Found a runed translucent gate.
 45860 | Vaults:2 | Found a runed translucent gate.
 45860 | Vaults:2 | Found a runed translucent gate.
 46252 | Vaults:2 | Found a glowing golden altar of the Shining One.
 46267 | Vaults:2 | Got the Grimoire of the Wayfarer
 46331 | Vaults:3 | Identified the +3 great sword "Qyfiquqo" {freeze, rElec rF-
                  | Stlth+}
 46426 | Vaults:3 | Reached XP level 23. HP: 183/222 MP: 35/35
 46460 | Vaults:3 | Received a gift from Okawaru
 46520 | Vaults:3 | Identified the +2 spear of the Howling Gods {venom, Fly}
 46589 | Vaults:3 | Identified the +4 rapier of the Fortifying Gods {elec,
                  | Int+4}
 47232 | Vaults:3 | Reached skill level 10 in Fire Magic
 47483 | Vaults:3 | Received a gift from Okawaru
 47552 | Vaults:3 | Found a staircase to the Crypt.
 47586 | Vaults:3 | Found Buevael's Magic Scroll Shop.
 47594 | Vaults:3 | Bought a scroll of enchant weapon for 112 gold pieces
 47594 | Vaults:3 | Bought a scroll of teleportation for 45 gold pieces
 47594 | Vaults:3 | Bought a scroll of teleportation for 45 gold pieces
 47599 | Vaults:3 | Bought a scroll of revelation for 112 gold pieces
 47599 | Vaults:3 | Bought a scroll of revelation for 112 gold pieces
 47910 | Vaults:4 | Noticed Bai Suzhen
 47938 | Vaults:4 | Killed Bai Suzhen
 47939 | Vaults:4 | Found Zili's Assorted Antiques.
 47955 | Vaults:4 | Bought a potion of curing for 51 gold pieces
 47955 | Vaults:4 | Bought a potion of magic for 136 gold pieces
 47955 | Vaults:4 | Bought a potion of haste for 170 gold pieces
 48242 | Vaults:4 | Identified the orb "Enoepp" {*channel, Int+2 Dex+3 Slay-5}
 48242 | Vaults:4 | Noticed Frederick
 48269 | Vaults:4 | Killed Frederick
 48288 | Vaults:4 | Identified the +1 helmet of Orrisini {Fly rElec rC+ Stlth-}
 48489 | Vaults:4 | Received a gift from Okawaru
 48992 | Vaults:5 | Entered Level 5 of the Vaults
 49032 | Vaults:5 | Received a gift from Okawaru
 49059 | Vaults:5 | Reached XP level 24. HP: 232/234 MP: 35/35
 49183 | Vaults:5 | Noticed an ancient lich
 49216 | Vaults:5 | Killed an ancient lich
 49235 | Vaults:5 | Received a gift from Okawaru
 49396 | Vaults:5 | Identified the +6 plate armour of the Guava {rPois Str+2}
 49399 | Vaults:5 | Got a silver rune of Zot
 49965 | Vaults:5 | Received a gift from Okawaru
 50305 | Vaults:5 | Identified the ring of Vampiric Thralls {rPois rCorr Str+5
                  | Stlth+}
 51744 | Depths:4 | Found a one-way gateway to a ziggurat.
 51755 | Depths:4 | Identified the ring of Finality {Ice Int+3 Dex+3}
 51755 | Depths:4 | Noticed Josephina
 51757 | Depths:4 | Reached skill level 10 in Spellcasting
 51779 | Depths:4 | Killed Josephina
 52129 | Depths:4 | Identified the +9 demon whip of Jiecimirch {drain, Int+4}
 52195 | Zot:1    | Entered Level 1 of the Realm of Zot
 52220 | Zot:1    | Received a gift from Okawaru
 52843 | Zot:1    | Learned a level 4 spell: Passage of Golubria
 53244 | Zot:1    | Reached XP level 25. HP: 221/222 MP: 37/37
 53762 | Zot:2    | Noticed a dread lich
 53766 | Zot:2    | Received a gift from Okawaru
 53767 | Zot:2    | Noticed a dread lich
 53773 | Zot:2    | Killed a dread lich
 53774 | Zot:2    | Noticed a dread lich
 53784 | Zot:2    | Paralysed by a dread lich for 5 turns
 53788 | Zot:2    | Identified the amulet of the Gastropod {Faith rF+ Str+3}
 53995 | Arena    | Entered the Arena
 53999 | Arena    | Killed a dread lich
 54246 | Zot:2    | Reached skill level 15 in Evocations
 54565 | Zot:2    | Identified the blade talisman of the Eight Boll Weevils
                  | {rPois rC+ Str-4 Dex+2}
 54619 | Zot:3    | Noticed an orb of fire
 54634 | Zot:3    | Gained mutation: You occasionally lose the ability to drink
                  | potions when taking damage. [an orb of fire]
 54635 | Zot:3    | Killed an orb of fire
 54660 | Zot:2    | Lost mutation: You are partially covered in iridescent
                  | scales. (AC +2) [potion of mutation]
 54660 | Zot:2    | Lost mutation: You occasionally lose the ability to drink
                  | potions when taking damage. [potion of mutation]
 54660 | Zot:2    | Gained mutation: You are robust. (+10% HP) [potion of
                  | mutation]
 54660 | Zot:2    | Gained mutation: Your mind is acute. (Int +4, Str/Dex -1)
                  | [potion of mutation]
 54713 | Zot:2    | Killed a dread lich
 55100 | Zot:3    | Received a gift from Okawaru
 56319 | Zot:4    | Noticed a Killer Klown
 56322 | Zot:4    | Noticed a Killer Klown
 56373 | Zot:4    | Killed a Killer Klown
 56408 | Zot:4    | Killed a Killer Klown
 56469 | Zot:4    | Received a gift from Okawaru
 56999 | Zot:5    | Entered Level 5 of the Realm of Zot
 57048 | Zot:5    | Reached XP level 26. HP: 283/283 MP: 37/37
 57672 | Zot:5    | Noticed an ancient lich
 57691 | Zot:5    | Killed an ancient lich
 57701 | Zot:5    | Noticed a dread lich
 57726 | Zot:5    | Killed a dread lich
 57731 | Zot:5    | Noticed an orb of fire
 57732 | Zot:5    | Gained mutation: Armour fits poorly on your strangely
                  | shaped body. [an orb of fire]
 57733 | Zot:5    | Gained mutation: You are agile. (Dex +4, Str/Int -1) [an
                  | orb of fire]
 57734 | Zot:5    | Noticed an orb of fire
 57747 | Zot:5    | Lost mutation: Your muscles are strong. (Str +4, Int/Dex
                  | -1) [an orb of fire]
 57750 | Zot:5    | Killed an orb of fire
 57807 | Zot:5    | Noticed an orb of fire
 57829 | Zot:5    | Lost mutation: You are robust. (+10% HP) [an orb of fire]
 57834 | Zot:5    | Gained mutation: Your health recovers twice as slowly from
                  | being drained. [an orb of fire]
 57838 | Zot:5    | Killed an orb of fire
 57853 | Zot:5    | Killed an orb of fire
 57853 | Zot:5    | Received a gift from Okawaru
 58833 | Vaults:2 | Fell from the grace of Okawaru
 58833 | Vaults:2 | Became a worshipper of the Shining One
 58963 | Crypt:1  | Entered Level 1 of the Crypt
 58975 | Crypt:1  | Identified the +3 tower shield of Context {rC+ Regen+
                  | Stlth+}
 58975 | Crypt:1  | Noticed Mennas
 59057 | Crypt:1  | Killed Mennas
 59211 | Crypt:1  | Found an ancient bone altar of Kikubaaqudgha.
 59339 | Crypt:1  | Reached * piety under the Shining One
 59774 | Crypt:2  | Reached ** piety under the Shining One
 60154 | Crypt:2  | Reached *** piety under the Shining One
 60571 | Crypt:2  | Reached **** piety under the Shining One
 60751 | Crypt:3  | Entered Level 3 of the Crypt
 60899 | Crypt:3  | Reached ***** piety under the Shining One
 61113 | Crypt:3  | Reached XP level 27. HP: 171/258 MP: 37/37
 61174 | Crypt:3  | Found a staircase to the Tomb.
 61306 | Crypt:3  | Identified the +3 war axe of the Establishment {heavy,
                  | +Blink rC++ Str-3 Int+2}
 61376 | Crypt:3  | Reached ****** piety under the Shining One
 61404 | Crypt:3  | Identified a +9 broad axe of holy wrath (a +7 broad axe of
                  | freezing blessed by the Shining One)
 61404 | Crypt:3  | Received a gift from the Shining One
 61468 | Crypt:3  | Found a basalt altar of Yredelemnul.
 61630 | Crypt:3  | Identified the staff of Eluifaco {rF- rN+ Dex+4 Necro
                  | Alchemy}
 61679 | Crypt:3  | Noticed an ancient lich
 61703 | Crypt:3  | Reached skill level 27 in Shields
 61713 | Crypt:3  | Killed an ancient lich
 61735 | Crypt:3  | Identified the +9 flail of the Shallot {freeze, rC+ Str+4
                  | Int+2}
 61737 | Crypt:3  | Got Sif Muna's Even More Thaumaturgy
 62140 | Crypt:3  | Lost mutation: Your health recovers twice as slowly from
                  | being drained. [potion of mutation]
 62140 | Crypt:3  | Lost mutation: Your spells are a little harder to cast, but
                  | a little more powerful. [potion of mutation]
 62140 | Crypt:3  | Lost mutation: Armour fits poorly on your strangely shaped
                  | body. [potion of mutation]
 62140 | Crypt:3  | Gained mutation: You are robust. (+10% HP) [potion of
                  | mutation]
 62140 | Crypt:3  | Gained mutation: You are partially covered in iridescent
                  | scales. (AC +2) [potion of mutation]
 62140 | Crypt:3  | Gained mutation: Your flesh is heat resistant. (rF+)
                  | [potion of mutation]
 62534 | Depths:3 | Voluntarily entered the Abyss.
 62538 | Abyss:1  | Found a corrupted altar of Lugonu.
 62588 | Abyss:1  | Found a corrupted altar of Lugonu.
 62731 | Abyss:2  | Noticed a dread lich
 62743 | Abyss:2  | Paralysed by a dread lich for 5 turns
 62749 | Abyss:2  | Killed a dread lich
 62879 | Abyss:3  | Found a corrupted altar of Lugonu.
 62886 | Abyss:3  | Found a corrupted altar of Lugonu.
 62886 | Abyss:3  | Found a corrupted altar of Lugonu.
 62952 | Depths:3 | Escaped the Abyss
 62987 | Depths:3 | Voluntarily entered the Abyss.
 62991 | Abyss:3  | Found a corrupted altar of Lugonu.
 63035 | Abyss:3  | Found a corrupted altar of Lugonu.
 63178 | Abyss:3  | Found a shimmering altar of Xom.
 63212 | Abyss:3  | Got an abyssal rune of Zot
 63301 | Depths:3 | Escaped the Abyss
 63662 | Slime:1  | Entered Level 1 of the Pits of Slime
 64088 | Slime:4  | Paralysed by a formless jellyfish for 1 turns
 64308 | Slime:5  | Entered Level 5 of the Pits of Slime
 64372 | Slime:5  | Lost mutation: You are robust. (+10% HP) [a shining eye]
 64373 | Slime:5  | Gained mutation: You are frail. (-10% HP) [a shining eye]
 64430 | Slime:5  | Found a viscous altar of Jiyva.
 64745 | Slime:5  | Noticed the Royal Jelly
 65297 | Slime:5  | Was placed under penance by the Shining One
 65299 | Slime:5  | Killed the Royal Jelly
 65341 | Slime:5  | Found the +3 greatsling "Punk" {acid, rCorr}
 65435 | Slime:5  | Got the Compendium of Doomed Sinister Liturgies
 65437 | Slime:5  | Got a slimy rune of Zot
 65466 | Slime:5  | Acquired a manual of Translocations
 65471 | Slime:5  | Identified the ring of Pimigh {rF+ Str+6}
 65510 | Slime:5  | Identified the +10 chain mail of Soft Rains {rPois Regen+
                  | rCorr Stlth-}
 65520 | Slime:5  | Lost mutation: Your mind is acute. (Int +4, Str/Dex -1)
                  | [potion of mutation]
 65520 | Slime:5  | Lost mutation: You are frail. (-10% HP) [potion of
                  | mutation]
 65520 | Slime:5  | Lost mutation: You are partially covered in iridescent
                  | scales. (AC +2) [potion of mutation]
 65520 | Slime:5  | Gained mutation: Your muscles are strong. (Str +4, Int/Dex
                  | -1) [potion of mutation]
 65520 | Slime:5  | Gained mutation: Potions are less effective at restoring
                  | your health. [potion of mutation]
 65521 | Slime:5  | Lost mutation: Your flesh is heat resistant. (rF+) [potion
                  | of mutation]
 65521 | Slime:5  | Lost mutation: Potions are less effective at restoring your
                  | health. [potion of mutation]
 65521 | Slime:5  | Lost mutation: You are agile. (Dex +4, Str/Int -1) [potion
                  | of mutation]
 65521 | Slime:5  | Gained mutation: You have a pair of small horns on your
                  | head. [potion of mutation]
 65522 | Slime:5  | Lost mutation: Your muscles are strong. (Str +4, Int/Dex
                  | -1) [potion of mutation]
 65522 | Slime:5  | Lost mutation: You have a pair of small horns on your head.
                  | [potion of mutation]
 65522 | Slime:5  | Gained mutation: You occasionally shout uncontrollably at
                  | your foes. [potion of mutation]
 65523 | Slime:5  | Lost mutation: You occasionally shout uncontrollably at
                  | your foes. [potion of mutation]
 65523 | Slime:5  | Gained mutation: Armour fits poorly on your strangely
                  | shaped body. [potion of mutation]
 65524 | Slime:5  | Lost mutation: Armour fits poorly on your strangely shaped
                  | body. [potion of mutation]
 65524 | Slime:5  | Gained mutation: Your natural rate of healing is unusually
                  | fast. [potion of mutation]
 65524 | Slime:5  | Gained mutation: You are strong-willed. (Will+) [potion of
                  | mutation]
 65524 | Slime:5  | Gained mutation: You are dopey. (Int -2) [potion of
                  | mutation]
 65524 | Slime:5  | Gained mutation: You are agile. (Dex +4, Str/Int -1)
                  | [potion of mutation]
 65617 | Slime:5  | Learned a level 1 spell: Apportation
 65626 | Slime:5  | Learned a level 8 spell: Disjunction
 66003 | Hell     | Entered the Vestibule of Hell
 66003 | Hell     | Noticed Geryon
 66061 | Hell     | Killed Geryon
 66210 | Hell     | Found a gateway to the decaying netherworld of Tartarus.
 66334 | Hell     | Found a gateway to the freezing wastes of Cocytus.
 66395 | Hell     | Reached skill level 27 in Fighting
 66639 | Hell     | Found a gateway to the Iron City of Dis.
 66722 | Hell     | Was forgiven by the Shining One
 66754 | Hell     | Found a gateway to the ashen valley of Gehenna.
 66999 | Pan      | Entered Pandemonium
 67150 | Pan      | Gained mutation: Your magical capacity is low. (-10% MP) [a
                  | cacodemon]
 67397 | Pan      | Noticed Demmismo the pandemonium lord
 67407 | Pan      | Killed Demmismo the pandemonium lord
 68102 | Pan      | Found an exit through the horrors of the Abyss.
 68199 | Pan      | Noticed Esuohaxy the pandemonium lord
 68209 | Pan      | Killed Esuohaxy the pandemonium lord
 68240 | Pan      | Got a demonic rune of Zot
 68310 | Pan      | Was forgiven by Okawaru
 68342 | Pan      | Gained mutation: You are vulnerable to cold. (rC-) [a
                  | cacodemon]
 68562 | Pan      | Identified the +6 glaive of a Gauntlet {antimagic, ^Contam
                  | +Blink rPois rCorr}
 68825 | Pan      | Found an ancient bone altar of Kikubaaqudgha.
 68944 | Pan      | Identified the +3 short sword of Hokulotoef {flame, rF++
                  | rC+ Dex+5}
 69143 | Pan      | Noticed Qoojus the pandemonium lord
 69165 | Pan      | Killed Qoojus the pandemonium lord
 69472 | Pan      | Noticed Apuxaicu the pandemonium lord
 69493 | Pan      | Killed Apuxaicu the pandemonium lord
 69840 | Pan      | Found an exit through the horrors of the Abyss.
 70300 | Pan      | Noticed Yriutap the pandemonium lord
 70322 | Pan      | Killed Yriutap the pandemonium lord
 70933 | Pan      | Entered the realm of Cerebov.
 71765 | Pan      | Identified the ring "Nisi" {rC+ AC+4 Int+7}
 71785 | Pan      | Learned a level 5 spell: Yara's Violent Unravelling
 71800 | Pan      | Identified the staff "Boti" {^Fragile Str+5 Int+4 Earth}
 71807 | Pan      | Identified the ring of the Evil One {rN+ MP+9 Int+2}
 71838 | Pan      | Identified the ring "Jeum" {Ice rCorr Int+3}
 71877 | Pan      | Identified the staff of Fedhas's Pride {*Corrode rN+ Int+3
                  | Conj Alchemy}
 71896 | Pan      | Identified the +2 war axe of Tuclag {flame, +Blink Fly
                  | Str+3}
 71913 | Pan      | Found the +6 sword of Cerebov {flame}
 71913 | Pan      | Noticed Cerebov
 71929 | Pan      | Reached skill level 1 in Hexes
 71946 | Pan      | Killed Cerebov
 71947 | Pan      | Reached skill level 1 in Alchemy
 72163 | Pan      | Got a fiery rune of Zot
 72242 | Pan      | Noticed Navvo the pandemonium lord
 72266 | Pan      | Killed Navvo the pandemonium lord
 72646 | Pan      | Noticed Qyrchodgh the pandemonium lord
 72650 | Pan      | Killed Qyrchodgh the pandemonium lord
 72696 | Pan      | Acquired the +9 crystal plate armour "Egracse" {rElec rC+
                  | Dex+3}
 72922 | Pan      | Reached skill level 5 in Hexes
 73371 | Pan      | Gained mutation: You have very sharp teeth. [a cacodemon]
 73444 | Pan      | Reached skill level 5 in Alchemy
 73495 | Pan      | Entered the realm of Mnoleg.
 73531 | Pan      | Gained mutation: Potions are less effective at restoring
                  | your health. [a neqoxec]
 73642 | Pan      | Gained mutation: You occasionally shout uncontrollably at
                  | your foes. [a neqoxec]
 73645 | Pan      | Gained mutation: You sometimes lose your temper in combat.
                  | [a neqoxec]
 73650 | Pan      | Lost mutation: You are vulnerable to cold. (rC-) [potion of
                  | mutation]
 73650 | Pan      | Lost mutation: You occasionally shout uncontrollably at
                  | your foes. [potion of mutation]
 73650 | Pan      | Lost mutation: You are agile. (Dex +4, Str/Int -1) [potion
                  | of mutation]
 73650 | Pan      | Gained mutation: You are robust. (+10% HP) [potion of
                  | mutation]
 73651 | Pan      | Lost mutation: Your magical capacity is low. (-10% MP)
                  | [potion of mutation]
 73651 | Pan      | Lost mutation: You have very sharp teeth. [potion of
                  | mutation]
 73651 | Pan      | Lost mutation: Potions are less effective at restoring your
                  | health. [potion of mutation]
 73651 | Pan      | Lost mutation: You are dopey. (Int -2) [potion of mutation]
 73652 | Pan      | Lost mutation: You are robust. (+10% HP) [potion of
                  | mutation]
 73652 | Pan      | Lost mutation: Your natural rate of healing is unusually
                  | fast. [potion of mutation]
 73652 | Pan      | Lost mutation: You are strong-willed. (Will+) [potion of
                  | mutation]
 73652 | Pan      | Gained mutation: You have hidden genetic defects. [potion
                  | of mutation]
 73652 | Pan      | Gained mutation: You are partially covered in iridescent
                  | scales. (AC +2) [potion of mutation]
 73653 | Pan      | Lost mutation: You have hidden genetic defects. [potion of
                  | mutation]
 73653 | Pan      | Lost mutation: You are partially covered in iridescent
                  | scales. (AC +2) [potion of mutation]
 73653 | Pan      | Gained mutation: Your skin changes colour to match your
                  | surroundings (Stealth+). [potion of mutation]
 73653 | Pan      | Gained mutation: You are weak. (Str -2) [potion of
                  | mutation]
 73654 | Pan      | Lost mutation: Your skin changes colour to match your
                  | surroundings (Stealth+). [potion of mutation]
 73654 | Pan      | Lost mutation: You are weak. (Str -2) [potion of mutation]
 73654 | Pan      | Gained mutation: You have hidden genetic defects. [potion
                  | of mutation]
 73654 | Pan      | Gained mutation: You are clumsy. (Dex -2) [potion of
                  | mutation]
 73655 | Pan      | Lost mutation: You have hidden genetic defects. [potion of
                  | mutation]
 73655 | Pan      | Lost mutation: You are clumsy. (Dex -2) [potion of
                  | mutation]
 73655 | Pan      | Lost mutation: You sometimes lose your temper in combat.
                  | [potion of mutation]
 73655 | Pan      | Gained mutation: Your health recovers twice as slowly from
                  | being drained. [potion of mutation]
 73655 | Pan      | Gained mutation: You are strong-willed. (Will+) [potion of
                  | mutation]
 73660 | Pan      | Lost mutation: Your health recovers twice as slowly from
                  | being drained. [potion of mutation]
 73660 | Pan      | Lost mutation: You are strong-willed. (Will+) [potion of
                  | mutation]
 73660 | Pan      | Gained mutation: You have an increased reservoir of magic.
                  | (+10% MP) [potion of mutation]
 73660 | Pan      | Gained mutation: You are frail. (-10% HP) [potion of
                  | mutation]
 73660 | Pan      | Gained mutation: You have large cloven feet. [potion of
                  | mutation]
 73661 | Pan      | Lost mutation: You have large cloven feet. [potion of
                  | mutation]
 73661 | Pan      | Lost mutation: You have an increased reservoir of magic.
                  | (+10% MP) [potion of mutation]
 73661 | Pan      | Lost mutation: You are frail. (-10% HP) [potion of
                  | mutation]
 73661 | Pan      | Gained mutation: You occasionally lose the ability to drink
                  | potions when taking damage. [potion of mutation]
 73661 | Pan      | Gained mutation: You passively map a small area around you.
                  | [potion of mutation]
 73791 | Pan      | Noticed Mnoleg
 73820 | Pan      | Killed Mnoleg
 73930 | Pan      | Got a glowing rune of Zot
 73976 | Pan      | Gained mutation: You occasionally lose the ability to read
                  | scrolls when taking damage. [a cacodemon]
 74037 | Pan      | Lost mutation: You passively map a small area around you.
                  | [potion of mutation]
 74037 | Pan      | Lost mutation: You occasionally lose the ability to drink
                  | potions when taking damage. [potion of mutation]
 74037 | Pan      | Gained mutation: You have hidden genetic potential. [potion
                  | of mutation]
 74037 | Pan      | Gained mutation: You have great hidden genetic potential.
                  | [potion of mutation]
 74037 | Pan      | Gained mutation: You sometimes lose the ability to read
                  | scrolls when taking damage. [potion of mutation]
 74040 | Pan      | Lost mutation: You sometimes lose the ability to read
                  | scrolls when taking damage. [potion of mutation]
 74040 | Pan      | Lost mutation: You occasionally lose the ability to read
                  | scrolls when taking damage. [potion of mutation]
 74040 | Pan      | Gained mutation: You sometimes lose your temper in combat.
                  | [potion of mutation]
 74040 | Pan      | Gained mutation: You are agile. (Dex +4, Str/Int -1)
                  | [potion of mutation]
 74041 | Pan      | Lost mutation: You have great hidden genetic potential.
                  | [potion of mutation]
 74041 | Pan      | Lost mutation: You sometimes lose your temper in combat.
                  | [potion of mutation]
 74041 | Pan      | Lost mutation: You have hidden genetic potential. [potion
                  | of mutation]
 74041 | Pan      | Gained mutation: Your spells are a little harder to cast,
                  | but a little more powerful. [potion of mutation]
 74041 | Pan      | Gained mutation: Your body sometimes deteriorates upon
                  | taking damage. [potion of mutation]
 74041 | Pan      | Gained mutation: Your body often deteriorates upon taking
                  | damage. [potion of mutation]
 74041 | Pan      | Gained mutation: You are partially covered in iridescent
                  | scales. (AC +2) [potion of mutation]
 74042 | Pan      | Lost mutation: You are partially covered in iridescent
                  | scales. (AC +2) [potion of mutation]
 74042 | Pan      | Lost mutation: You are agile. (Dex +4, Str/Int -1) [potion
                  | of mutation]
 74042 | Pan      | Lost mutation: Your body often deteriorates upon taking
                  | damage. [potion of mutation]
 74042 | Pan      | Gained mutation: Your system is resistant to poisons.
                  | (rPois) [potion of mutation]
 74059 | Pan      | Noticed Icamom the pandemonium lord
 74100 | Pan      | Killed Icamom the pandemonium lord
 74232 | Pan      | Found an exit through the horrors of the Abyss.
 74832 | Pan      | Noticed Egiv the pandemonium lord
 74844 | Pan      | Killed Egiv the pandemonium lord
 75482 | Pan      | Found an exit through the horrors of the Abyss.
 75521 | Pan      | Noticed Xiogg the pandemonium lord
 75528 | Pan      | Killed Xiogg the pandemonium lord
 76134 | Pan      | Entered the realm of Gloorx Vloq.
 76306 | Pan      | Found an exit through the horrors of the Abyss.
 76562 | Pan      | Reached skill level 10 in Hexes
 76573 | Pan      | Reached skill level 27 in Invocations
 76710 | Pan      | Noticed Gloorx Vloq
 76721 | Pan      | Killed Gloorx Vloq
 76733 | Pan      | Got a dark rune of Zot
 77319 | Pan      | Learned a level 8 spell: Ignition
 77423 | Pan      | Entered the realm of Lom Lobon.
 77490 | Pan      | Identified the +8 sling "Ajeiz" {drain, Will+ rCorr Int+3}
 78219 | Pan      | Noticed Lom Lobon
 78272 | Pan      | Killed Lom Lobon
 78339 | Pan      | Got a magical rune of Zot
 79002 | Pan      | Noticed Direim the pandemonium lord
 79035 | Pan      | Killed Direim the pandemonium lord
 79891 | Pan      | Found a glowing silver altar of Zin.
 80462 | Pan      | Found a white marble altar of Elyvilon.
 80517 | Pan      | Reached skill level 15 in Fire Magic
 81477 | Pan      | Noticed a seraph
 81513 | Pan      | Killed a seraph
 81571 | Pan      | Found a glowing golden altar of the Shining One.
 81598 | Pan      | Identified the -1 buckler of Xoytzukh {Regen+ rCorr Int-2
                  | Slay-3}
 81600 | Pan      | Identified the +6 rapier of War {drain, rC- rN+ Dex+8}
 81608 | Pan      | Identified the +10 falchion of Honesty {heavy, ^Fragile rC+
                  | rCorr Int+4 Dex+3}
 81611 | Pan      | Got the Vellum of Coarse Destiny
 81651 | Pan      | Got The Last Atlas of Jabir
 81746 | Depths:3 | Escaped Pandemonium
 82141 | Tomb:1   | Entered Level 1 of the Tomb of the Ancients
 82725 | Tomb:1   | Noticed a royal mummy
 82742 | Tomb:1   | Killed a royal mummy
 83241 | Tomb:1   | Noticed a royal mummy
 83241 | Tomb:1   | Noticed a royal mummy
 83247 | Tomb:1   | Noticed a royal mummy
 83250 | Tomb:1   | Noticed a royal mummy
 83253 | Tomb:1   | Noticed a royal mummy
 83254 | Tomb:1   | Killed a royal mummy
 83256 | Tomb:1   | Noticed a royal mummy
 83257 | Tomb:1   | Killed a royal mummy
 83261 | Tomb:1   | Killed a royal mummy
 83263 | Tomb:1   | Noticed a royal mummy
 83264 | Tomb:1   | Killed a royal mummy
 83264 | Tomb:1   | Killed a royal mummy
 83269 | Tomb:1   | Killed a royal mummy
 83271 | Tomb:1   | Noticed a royal mummy
 83316 | Tomb:1   | Killed a royal mummy
 83327 | Tomb:1   | Killed a royal mummy
 83667 | Tomb:3   | Entered Level 3 of the Tomb of the Ancients
 83681 | Tomb:3   | Noticed a royal mummy
 83693 | Tomb:3   | Noticed a royal mummy
 83695 | Tomb:3   | Noticed a royal mummy
 83697 | Tomb:3   | Reached skill level 27 in Armour
 83697 | Tomb:3   | Killed a royal mummy
 83697 | Tomb:3   | Noticed a royal mummy
 83702 | Tomb:3   | Killed a royal mummy
 83704 | Tomb:3   | Killed a royal mummy
 83707 | Tomb:3   | Killed a royal mummy
 83710 | Tomb:3   | Noticed a royal mummy
 83712 | Tomb:3   | Noticed a royal mummy
 83719 | Tomb:3   | Killed a royal mummy
 83719 | Tomb:3   | Killed a royal mummy
 83727 | Tomb:3   | Noticed a royal mummy
 83733 | Tomb:3   | Noticed a royal mummy
 83733 | Tomb:3   | Noticed a royal mummy
 83735 | Tomb:3   | Killed a royal mummy
 83743 | Tomb:3   | Killed a royal mummy
 83750 | Tomb:3   | Killed a royal mummy
 83814 | Tomb:3   | Identified the +3 morningstar of Vakh {spect, rF+ Will+}
 83826 | Tomb:3   | Got the Compilation of Unfortunate Company
 83827 | Tomb:3   | Identified the staff "Beetlebane" {rF+ rC- Will- Str+6
                  | Fire}
 83828 | Tomb:3   | Identified the ring "Daridd" {^Drain rElec rCorr Dex+2}
 83883 | Tomb:3   | Identified the staff of the Lettuce {*Slow rPois rC+ rN+
                  | Str+4 Ice}
 83884 | Tomb:3   | Identified the +6 quarterstaff of Beogh's Favour {protect,
                  | rC+}
 83885 | Tomb:3   | Identified the staff of Soaghe {rElec Int+4 Hexes Tloc Air}
 83889 | Tomb:3   | Got the Spellbook of Sinister Angles
 83902 | Tomb:3   | Got Sif Muna's Spellbook of Transposed Ice
 84064 | Tomb:3   | Identified the +6 arbalest of Geelemno {antimagic, rPois}
 84235 | Tomb:3   | Got a golden rune of Zot
 84447 | Crypt:2  | Learned a level 2 spell: Blink
 84818 | Zig:1    | Entered Level 1 of a ziggurat
 84898 | Zig:2    | Entered Level 2 of a ziggurat
 84922 | Zig:3    | Entered Level 3 of a ziggurat
 84951 | Zig:4    | Entered Level 4 of a ziggurat
 84986 | Zig:5    | Entered Level 5 of a ziggurat
 85008 | Zig:5    | Identified the ring "Cuzeg" {Fly AC+4 Dex+3}
 85027 | Zig:5    | Identified the +0 leather armour "Savumi" {Dex+2}
 85047 | Zig:5    | Learned a level 9 spell: Fire Storm
 85050 | Zig:6    | Entered Level 6 of a ziggurat
 85059 | Zig:6    | Paralysed by an air elemental for 1 turns
 85117 | Zig:6    | Identified the staff of the Hierophant {Dex+2 Conj}
 85129 | Zig:7    | Entered Level 7 of a ziggurat
 85234 | Zig:8    | Entered Level 8 of a ziggurat
 85270 | Zig:8    | Identified the staff "Mukuq" {rC+ Stlth+ Ice}
 85271 | Zig:8    | Identified the +0 quarterstaff of Past Mistakes {speed,
                  | Int+3}
 85273 | Zig:8    | Identified the amulet of Omogadd {Reflect Rampage rElec
                  | SH+5 SInv Stlth-}
 85292 | Zig:9    | Entered Level 9 of a ziggurat
 85324 | Zig:9    | Noticed an ancient lich
 85325 | Zig:9    | Noticed an ancient lich
 85325 | Zig:9    | Noticed an ancient lich
 85341 | Zig:9    | Killed an ancient lich
 85341 | Zig:9    | Killed an ancient lich
 85343 | Zig:9    | Killed an ancient lich
 85368 | Zig:9    | Got the Tome of the Fulgurant Cucurbite
 85375 | Zig:9    | Identified the +0 spear of Zoekuronn {heavy, rElec rCorr
                  | Dex+3}
 85396 | Zig:10   | Entered Level 10 of a ziggurat
 85427 | Zig:10   | Identified the +8 hand axe of Infinite Pain {drain, rElec
                  | Will+}
 85451 | Zig:11   | Entered Level 11 of a ziggurat
 85462 | Zig:11   | Noticed Roazecw the pandemonium lord
 85462 | Zig:11   | Noticed Paegysat the pandemonium lord
 85462 | Zig:11   | Noticed Detoap the pandemonium lord
 85462 | Zig:11   | Noticed Bajysuuc the pandemonium lord
 85462 | Zig:11   | Noticed Zenweymn the pandemonium lord
 85464 | Zig:11   | Noticed Annouj the pandemonium lord
 85464 | Zig:11   | Found the +1 cloak of Starlight {*Dazzle EV+4 Stlth--}
 85466 | Zig:11   | Killed Detoap the pandemonium lord
 85466 | Zig:11   | Killed Zenweymn the pandemonium lord
 85471 | Zig:11   | Killed Paegysat the pandemonium lord
 85471 | Zig:11   | Killed Annouj the pandemonium lord
 85471 | Zig:11   | Killed Bajysuuc the pandemonium lord
 85474 | Zig:11   | Killed Roazecw the pandemonium lord
 85546 | Zig:11   | Identified the +2 bardiche "Siokubaps" {heavy, rPois rN+
                  | Dex+2}
 85573 | Zig:12   | Entered Level 12 of a ziggurat
 85626 | Zig:12   | Identified the ring of Deluypp {^Drain rC+ Int+3 Dex+6}
 85631 | Zig:12   | Identified the ring of Poijixes {Will+ rCorr Slay+2}
 85636 | Zig:12   | Identified the ring of Seckon {rElec Will++ Dex-5 SInv}
 85679 | Zig:13   | Entered Level 13 of a ziggurat
 85715 | Zig:13   | Found the amulet of the Four Winds {rN+ Will+++ Clar}
 85725 | Zig:13   | Identified the +1 ring mail of the Watchman {rC+ rN+}
 85745 | Zig:13   | Identified the +5 quarterstaff "Ultimatum" {drain, Int+7}
 85764 | Zig:13   | Identified the +5 chain mail of Ikhlain {rC+++ Will+ Int-2
                  | SInv}
 85798 | Zig:14   | Entered Level 14 of a ziggurat
 85847 | Zig:14   | Identified the +1 plate armour "Tuclaoce" {Harm rC+ SInv}
 85876 | Zig:14   | Got the Compendium of Bloody Accomplices
 85888 | Zig:15   | Entered Level 15 of a ziggurat
 85913 | Zig:15   | Noticed an ancient lich
 85930 | Zig:15   | Killed an ancient lich
 86178 | Zig:16   | Entered Level 16 of a ziggurat
 86193 | Zig:16   | Noticed a dread lich
 86196 | Zig:16   | Noticed a dread lich
 86199 | Zig:16   | Noticed a dread lich
 86202 | Zig:16   | Noticed an ancient lich
 86203 | Zig:16   | Noticed an ancient lich
 86205 | Zig:16   | Noticed an ancient lich
 86206 | Zig:16   | Killed a dread lich
 86206 | Zig:16   | Killed a dread lich
 86210 | Zig:16   | Killed a dread lich
 86217 | Zig:16   | Killed an ancient lich
 86219 | Zig:16   | Killed an ancient lich
 86231 | Zig:16   | Reached skill level 15 in Spellcasting
 86235 | Zig:16   | Got the Parchment of the Hazy Xenolith
 86253 | Zig:16   | Identified the ring of Symmetry {^Contam rF+ rC+++ Int-2
                  | Stlth+}
 86304 | Zig:17   | Entered Level 17 of a ziggurat
 86368 | Zig:17   | Found the +2 pair of slick slippers {slick, slippery, EV+4}
 86370 | Zig:17   | Identified the ring of Kacusios {rPois Will+ EV+5 Dex+3}
 86379 | Zig:18   | Entered Level 18 of a ziggurat
 86690 | Zig:18   | Identified the +0 robe "Ecve Nim" {^Contam rC- rN+++ SInv}
 86691 | Zig:18   | Identified the +5 quarterstaff "Ydaofenn" {elec, rF- Will+
                  | MP+9 Int+3 Dex+3}
 86705 | Zig:18   | Learned a level 8 spell: Maxwell's Capacitive Coupling
 86714 | Zig:18   | Learned a level 8 spell: Lehudib's Crystal Spear
 86716 | Zig:18   | Identified the +4 chain mail of the Sun {Fly rF- rC- Dex+5}
 86719 | Zig:18   | Identified the ring of the Heavens {rElec Str+6 Int+3}
 86727 | Zig:18   | Identified the ring of the Bull {rPois rC+ rN+}
 86775 | Zig:19   | Entered Level 19 of a ziggurat
 86816 | Zig:19   | Reached skill level 5 in Earth Magic
 87006 | Zig:19   | Identified the +4 whip of Fagibri {protect, rPois rF++ rC-
                  | Dex+2}
 87010 | Zig:19   | Identified the +1 halberd of Bankruptcy {freeze, *Corrode
                  | ^Drain Int+7 Dex+2}
 87011 | Zig:19   | Identified the +8 orcbow "Waryoxt" {antimagic, Int+2}
 87020 | Zig:19   | Identified the +4 quick blade "Daosy" {freeze, rPois rC++
                  | Int-3 Stlth+}
 87029 | Zig:19   | Identified the +5 mace of the Wizarding Seer {holy, ^Contam
                  | rElec rPois}
 87031 | Zig:19   | Identified the +3 chain mail of Crawling {Str+4 Stlth+}
 87042 | Zig:19   | Identified the ring of Orikhlen {rPois rF+ Will+ Int+2
                  | Dex-3}
 87109 | Zig:20   | Entered Level 20 of a ziggurat
 87132 | Zig:20   | Reached skill level 27 in Fire Magic
 87184 | Zig:20   | Identified the ring "Yjama" {Fly rN+ Str+3 Dex+3}
 87189 | Zig:20   | Identified the ring "Welyriad" {^Contam MP+9 Dex+6}
 87278 | Zig:20   | Identified the +2 falchion of Zabag {freeze, Str+3}
 87280 | Zig:20   | Identified the +8 halberd of Rimenwez {chaos, +Blink Str+5}
 87286 | Zig:20   | Identified the +4 flail "Transmigrator" {pain, *Corrode
                  | rElec Int+3 Dex+3}
 87357 | Zig:21   | Entered Level 21 of a ziggurat
 87427 | Zig:21   | Reached skill level 10 in Earth Magic
 87559 | Zig:21   | Identified the +7 hand axe of Ancient Evil {freeze, rCorr
                  | Dex+4 SInv}
 87560 | Zig:21   | Identified the amulet "Myac" {Acrobat -Cast rF+ rCorr}
 87615 | Zig:21   | Identified the +0 hat of Vlad {rElec rCorr}
 87620 | Zig:21   | Identified the +4 rapier "Neutat" {freeze, *Corrode rN+
                  | Int+4}
 87670 | Zig:22   | Entered Level 22 of a ziggurat
 87683 | Zig:22   | Paralysed by an air elemental for 1 turns
 87698 | Zig:22   | Reached skill level 15 in Throwing
 87869 | Zig:22   | Identified the +1 ring mail of the Devil {*Slow Regen+
                  | Dex+5}
 87876 | Zig:22   | Identified the +2 war axe of the Howling Augurer {freeze,
                  | rN+ Will+ Stlth+}
 87877 | Zig:22   | Identified the +0 lajatang of Eternal War {speed, *Rage rC-
                  | Str+2 Int+4}
 87878 | Zig:22   | Identified the ring of Xyhioroun {rElec rCorr Str+3 Int+6}
 87886 | Zig:22   | Identified the +2 scale mail of Red Beauty {Fly}
 87980 | Zig:23   | Entered Level 23 of a ziggurat
 88044 | Zig:23   | Reached skill level 5 in Shapeshifting
 88261 | Zig:23   | Identified the +8 short sword of the Sharing Gods {heavy,
                  | Dex+2 Stlth+}
 88279 | Zig:23   | Identified the +0 ring mail of the Jabberwock {-Cast
                  | Rampage Regen+ rCorr}
 88283 | Zig:23   | Identified the staff of Dithmenos's Reproof {Int+4 Conj}
 88299 | Zig:23   | Acquired a manual of Shapeshifting
 88373 | Zig:24   | Entered Level 24 of a ziggurat
 88476 | Zig:24   | Found the +8 Wrath of Trog {antimagic, *Rage Rampage}
 88501 | Zig:24   | Identified the ring of Fragile Peace {rPois rC+ Will+
                  | Int+3}
 88506 | Zig:24   | Identified the +0 plate armour of Distant Worlds {Dex+3}
 88507 | Zig:24   | Identified the +8 scimitar "Waunoir" {heavy, rPois Int+4
                  | Dex-4}
 88512 | Zig:24   | Identified the +10 war axe of the Madman {flame, rC+ Str+2
                  | Dex-3}
 88522 | Zig:24   | Identified the amulet of Ruubas {Regen+ Int+3 Dex+4}
 88606 | Zig:25   | Entered Level 25 of a ziggurat
 88829 | Zig:25   | Found the +10 morningstar "Eos" {elec, Halo rElec}
 88830 | Zig:25   | Found the dreamshard necklace {Acrobat *Dream}
 88852 | Zig:25   | Identified the amulet "Pana" {Reflect Will- rCorr Str+3
                  | SH+5}
 88872 | Zig:25   | Identified the +5 scale mail of the Old and Reckless {rElec
                  | rN+ Int-2 Slay+2}
 88874 | Zig:25   | Identified the staff of a treasure trove {+Blink rCorr
                  | Str-4 Dex+6 Earth}
 88881 | Zig:25   | Identified the +7 morningstar of the Everdark {elec, rElec
                  | Int+4 Dex+3}
 88897 | Zig:25   | Identified the +11 glaive of the Nine Beasts {drain, rCorr
                  | Dex+4}
 88947 | Zig:26   | Entered Level 26 of a ziggurat
 88975 | Zig:26   | Reached skill level 10 in Shapeshifting
 88982 | Zig:26   | Reached skill level 15 in Earth Magic
 89035 | Zig:26   | Got Mnoleg's Book of the Familiar
 89068 | Zig:26   | Identified the +6 plate armour of Resonance {rElec Will-
                  | Int+2}
 89084 | Zig:26   | Got the Vellum of Alchemical Hexes
 89219 | Zig:27   | Entered Level 27 of a ziggurat
 89343 | Zig:27   | Found the +3 pair of mountain boots {steadfast, rC+}
 89366 | Zig:27   | Identified the +4 ring mail of Teag {Rampage rN+ Str+4
                  | Dex-2}
 89687 | Dis:1    | Entered Level 1 of the Iron City of Dis
 89687 | Dis:1    | Noticed an ancient lich
 89699 | Dis:1    | Killed an ancient lich
 89702 | Dis:1    | Reached skill level 1 in Conjurations
 89853 | Dis:3    | Reached skill level 10 in Translocations
 89949 | Dis:4    | Noticed an ancient lich
 89977 | Dis:4    | Killed an ancient lich
 90019 | Dis:4    | Reached skill level 5 in Conjurations
 90207 | Dis:7    | Entered Level 7 of the Iron City of Dis
 90735 | Dis:7    | Noticed Dispater
 90735 | Dis:7    | Noticed a juggernaut
 90753 | Dis:7    | Killed a juggernaut
 90786 | Dis:7    | Killed Dispater
 90810 | Dis:7    | Got an iron rune of Zot
 90965 | Dis:7    | Reached skill level 10 in Conjurations
 91044 | Geh:1    | Entered Level 1 of Gehenna
 91581 | Geh:4    | Noticed an ancient lich
 91584 | Geh:4    | Killed an ancient lich
 91641 | Geh:7    | Entered Level 7 of Gehenna
 91925 | Geh:7    | Found the +13 sceptre of Asmodeus
 91925 | Geh:7    | Noticed Asmodeus
 91928 | Geh:7    | Identified the +0 tower shield of Fedhas's Respect {Harm}
 91961 | Geh:7    | Killed Asmodeus
 92093 | Geh:7    | Identified the +0 mace "Dehyfu" {venom, Will+}
 92153 | Geh:7    | Identified the ring "Fauf" {Fly Int-2 SInv Stlth+}
 92229 | Geh:7    | Got an obsidian rune of Zot
 92378 | Tar:1    | Entered Level 1 of Tartarus
 92392 | Tar:1    | Noticed a dread lich
 92399 | Tar:1    | Paralysed by a dread lich for 5 turns
 92406 | Tar:1    | Killed a dread lich
 92620 | Tar:4    | Reached skill level 15 in Conjurations
 93134 | Tar:7    | Entered Level 7 of Tartarus
 93391 | Tar:7    | Identified the +6 rapier of Dung {flame, +Blink Str+3
                  | Int+3}
 93628 | Tar:7    | Noticed Ereshkigal
 93646 | Tar:7    | Paralysed by Ereshkigal for 2 turns
 93658 | Tar:7    | Killed Ereshkigal
 93719 | Tar:7    | Got a bone rune of Zot
 93845 | Hell     | Lost mutation: Your body sometimes deteriorates upon taking
                  | damage. [potion of mutation]
 93845 | Hell     | Lost mutation: Your system is resistant to poisons. (rPois)
                  | [potion of mutation]
 93845 | Hell     | Lost mutation: Your spells are a little harder to cast, but
                  | a little more powerful. [potion of mutation]
 93845 | Hell     | Gained mutation: You do not regenerate when monsters are
                  | visible. [potion of mutation]
 93845 | Hell     | Gained mutation: You are partially covered in iridescent
                  | scales. (AC +2) [potion of mutation]
 93845 | Hell     | Gained mutation: You have an increased reservoir of magic.
                  | (+10% MP) [potion of mutation]
 93846 | Hell     | Lost mutation: You have an increased reservoir of magic.
                  | (+10% MP) [potion of mutation]
 93846 | Hell     | Lost mutation: You are partially covered in iridescent
                  | scales. (AC +2) [potion of mutation]
 93846 | Hell     | Lost mutation: You do not regenerate when monsters are
                  | visible. [potion of mutation]
 93846 | Hell     | Gained mutation: You expend magic power (3 MP) to
                  | strengthen your wands. [potion of mutation]
 93846 | Hell     | Gained mutation: You are dopey. (Int -2) [potion of
                  | mutation]
 93846 | Hell     | Gained mutation: You are robust. (+10% HP) [potion of
                  | mutation]
 93846 | Hell     | Gained mutation: You have a pair of small horns on your
                  | head. [potion of mutation]
 93847 | Hell     | Lost mutation: You expend magic power (3 MP) to strengthen
                  | your wands. [potion of mutation]
 93847 | Hell     | Lost mutation: You are dopey. (Int -2) [potion of mutation]
 93847 | Hell     | Gained mutation: You expend magic power (3 MP) to
                  | strengthen your wands. [potion of mutation]
 93848 | Hell     | Lost mutation: You are robust. (+10% HP) [potion of
                  | mutation]
 93848 | Hell     | Lost mutation: You expend magic power (3 MP) to strengthen
                  | your wands. [potion of mutation]
 93848 | Hell     | Lost mutation: You have a pair of small horns on your head.
                  | [potion of mutation]
 93848 | Hell     | Gained mutation: You are partially covered in large bone
                  | plates. (SH +4) [potion of mutation]
 93848 | Hell     | Gained mutation: You have sharp fingernails. [potion of
                  | mutation]
 93848 | Hell     | Lost mutation: You are partially covered in large bone
                  | plates. (SH +4) [potion of mutation]
 93854 | Hell     | Lost mutation: You have sharp fingernails. [potion of
                  | mutation]
 93854 | Hell     | Gained mutation: You occasionally shout uncontrollably at
                  | your foes. [potion of mutation]
 93854 | Hell     | Gained mutation: You are partially covered in iridescent
                  | scales. (AC +2) [potion of mutation]
 93854 | Hell     | Gained mutation: You have a pair of small horns on your
                  | head. [potion of mutation]
 93855 | Hell     | Lost mutation: You are partially covered in iridescent
                  | scales. (AC +2) [potion of mutation]
 93855 | Hell     | Lost mutation: You have a pair of small horns on your head.
                  | [potion of mutation]
 93855 | Hell     | Lost mutation: You occasionally shout uncontrollably at
                  | your foes. [potion of mutation]
 93855 | Hell     | Gained mutation: Your mind is acute. (Int +4, Str/Dex -1)
                  | [potion of mutation]
 93903 | Coc:1    | Entered Level 1 of Cocytus
 93925 | Coc:1    | Paralysed by a wendigo for 1 turns
 94000 | Coc:1    | Paralysed by a wendigo for 1 turns
 94011 | Coc:1    | Paralysed by a wendigo for 1 turns
 94137 | Coc:4    | Noticed a dread lich
 94156 | Coc:4    | Killed a dread lich
 94451 | Coc:7    | Entered Level 7 of Cocytus
 94779 | Coc:7    | Paralysed by a wendigo for 1 turns
 94857 | Coc:7    | Noticed Antaeus
 94888 | Coc:7    | Killed Antaeus
 94906 | Coc:7    | Identified the +1 cloak "Xideb" {rF+ rN+ Dex+3}
 94908 | Coc:7    | Got an icy rune of Zot
 95536 | Orc:2    | Bought a Gell's gravitambourine (2/2) for 960 gold pieces
 95962 | Zot:5    | Got the Orb of Zot
 96229 | Depths:1 | Noticed Hemocis the pandemonium lord
 96235 | Depths:1 | Killed Hemocis the pandemonium lord
 96348 | D:14     | Noticed Bext the pandemonium lord
 96357 | D:14     | Killed Bext the pandemonium lord
 96592 | D:2      | Noticed Gikoreop the pandemonium lord
 96608 | D:2      | Killed Gikoreop the pandemonium lord
 96673 | D:1      | Lost mutation: Your mind is acute. (Int +4, Str/Dex -1)
                  | [potion of mutation]
 96673 | D:1      | Gained mutation: Your natural rate of healing is unusually
                  | fast. [potion of mutation]
 96674 | D:1      | Lost mutation: Your natural rate of healing is unusually
                  | fast. [potion of mutation]
 96674 | D:1      | Gained mutation: Your mind is acute. (Int +4, Str/Dex -1)
                  | [potion of mutation]
 96675 | D:1      | Lost mutation: Your mind is acute. (Int +4, Str/Dex -1)
                  | [potion of mutation]
 96675 | D:1      | Gained mutation: Your spells are a little easier to cast,
                  | but a little less powerful. [potion of mutation]
 96675 | D:1      | Gained mutation: You passively map a small area around you.
                  | [potion of mutation]
 96676 | D:1      | Lost mutation: You passively map a small area around you.
                  | [potion of mutation]
 96676 | D:1      | Lost mutation: Your spells are a little easier to cast, but
                  | a little less powerful. [potion of mutation]
 96676 | D:1      | Gained mutation: Your spells are a little harder to cast,
                  | but a little more powerful. [potion of mutation]
 96676 | D:1      | Gained mutation: You are agile. (Dex +4, Str/Int -1)
                  | [potion of mutation]
 96676 | D:1      | Gained mutation: You passively map a small area around you.
                  | [potion of mutation]
 96676 | D:1      | Gained mutation: You are robust. (+10% HP) [potion of
                  | mutation]
 96678 | Zig:1    | Entered Level 1 of a ziggurat
 96705 | Zig:2    | Entered Level 2 of a ziggurat
 96762 | Zig:2    | Identified the +2 helmet of a Billion Ghosts {-Cast Rampage
                  | rPois Slay+6}
 96766 | Zig:3    | Entered Level 3 of a ziggurat
 96788 | Zig:3    | Identified the +5 scale mail "Mottyff" {Fly rElec rPois
                  | Dex-3}
 96797 | Zig:4    | Entered Level 4 of a ziggurat
 96798 | Zig:4    | Noticed a royal mummy
 96801 | Zig:4    | Killed a royal mummy
 96866 | Zig:4    | Noticed Sowont the pandemonium lord
 96870 | Zig:4    | Killed Sowont the pandemonium lord
 96879 | Zig:4    | Identified the +1 scimitar of Infinite Pain {venom, rElec
                  | rPois Will- Stlth+}
 96941 | Zig:5    | Entered Level 5 of a ziggurat
 96963 | Zig:5    | Got Seplayf's Directory of Frostbound Embers
 96981 | Zig:6    | Entered Level 6 of a ziggurat
 96993 | Zig:6    | Noticed a dread lich
 96994 | Zig:6    | Noticed a dread lich
 96997 | Zig:6    | Killed a dread lich
 96999 | Zig:6    | Killed a dread lich
 97017 | Zig:6    | Identified the +1 hand axe of Greed {venom, rPois Will++
                  | Int-2}
 97033 | Zig:6    | Identified the +6 dagger of Causality {speed, *Corrode rC+
                  | rN+}
 97041 | Zig:7    | Entered Level 7 of a ziggurat
 97098 | Zig:7    | Identified the +8 falchion of Wuiwapedd {holy, +Blink rElec
                  | rPois Dex-5}
 97099 | Zig:7    | Identified the +10 trident of Hepliaklqana's Whim {freeze,
                  | rF+}
 97124 | Zig:8    | Entered Level 8 of a ziggurat
 97127 | Zig:8    | Noticed a royal mummy
 97127 | Zig:8    | Noticed a royal mummy
 97127 | Zig:8    | Noticed a royal mummy
 97128 | Zig:8    | Noticed a royal mummy
 97130 | Zig:8    | Killed a royal mummy
 97130 | Zig:8    | Killed a royal mummy
 97130 | Zig:8    | Killed a royal mummy
 97130 | Zig:8    | Killed a royal mummy
 97136 | Zig:8    | Noticed Wajo the pandemonium lord
 97146 | Zig:8    | Killed Wajo the pandemonium lord
 97180 | Zig:9    | Entered Level 9 of a ziggurat
 97276 | Zig:10   | Entered Level 10 of a ziggurat
 97281 | Zig:10   | Noticed a dread lich
 97281 | Zig:10   | Noticed an ancient lich
 97282 | Zig:10   | Noticed a dread lich
 97284 | Zig:10   | Killed a dread lich
 97284 | Zig:10   | Noticed an ancient lich
 97285 | Zig:10   | Killed a dread lich
 97286 | Zig:10   | Killed an ancient lich
 97287 | Zig:10   | Noticed an ancient lich
 97290 | Zig:10   | Noticed an ancient lich
 97293 | Zig:10   | Killed an ancient lich
 97295 | Zig:10   | Killed an ancient lich
 97304 | Zig:10   | Killed an ancient lich
 97359 | Zig:11   | Entered Level 11 of a ziggurat
 97408 | Zig:11   | Noticed Boituor the pandemonium lord
 97416 | Zig:11   | Killed Boituor the pandemonium lord
 97426 | Zig:11   | Identified the +0 ring mail of Dusk {+Blink Int+6}
 97433 | Zig:11   | Identified the +8 sling of Fury {speed, rC+ Int+3}
 97465 | Zig:12   | Entered Level 12 of a ziggurat
 97526 | Zig:12   | Identified the staff "Ceijiq" {Int+3 Dex-5 Necro Earth}
 97529 | Zig:12   | Got the Compilation of Leadership
 97530 | Zig:12   | Identified the amulet of Zin's Whim {Acrobat Str+4}
 97535 | Zig:12   | Identified the +6 short sword "Hellblazer" {vamp, +Blink
                  | Int+3}
 97540 | Zig:12   | Identified the +9 orcbow of Modesty {flame, rF+ rC+ SInv}
 97619 | Zig:13   | Entered Level 13 of a ziggurat
 97623 | Zig:13   | Noticed a juggernaut
 97624 | Zig:13   | Noticed a juggernaut
 97631 | Zig:13   | Killed a juggernaut
 97637 | Zig:13   | Killed a juggernaut
 97651 | Zig:13   | Identified the +1 chain mail "Ceit Hay" {MP+9}
 97657 | Zig:13   | Identified the +2 leather armour of Starshine {Regen+
                  | Str+4}
 97666 | Zig:13   | Identified the amulet "Wutin" {Fly RegenMP+}
 97686 | Zig:13   | Identified the +0 ring mail of Helis {Int+2}
 97691 | Zig:14   | Entered Level 14 of a ziggurat
 97705 | Zig:14   | Noticed an ancient lich
 97715 | Zig:14   | Killed an ancient lich
 97778 | Zig:14   | Identified the ring of Lust {Slay+2 SInv}
 97794 | Zig:15   | Entered Level 15 of a ziggurat
 97808 | Zig:15   | Noticed a juggernaut
 97813 | Zig:15   | Reached skill level 10 in Dodging
 97815 | Zig:15   | Killed a juggernaut
 97856 | Zig:15   | Reached skill level 27 in Conjurations
 97859 | Zig:16   | Entered Level 16 of a ziggurat
 97876 | Zig:16   | Noticed an ancient lich
 97884 | Zig:16   | Noticed a dread lich
 97886 | Zig:16   | Reached skill level 27 in Spellcasting
 97889 | Zig:16   | Killed an ancient lich
 97893 | Zig:16   | Killed a dread lich
 97902 | Zig:16   | Noticed Ustrakk the pandemonium lord
 97908 | Zig:16   | Killed Ustrakk the pandemonium lord
 97936 | Zig:16   | Identified the ring of Syndicalism {Fly Will+ Dex+7}
 98005 | Zig:17   | Entered Level 17 of a ziggurat
 98085 | Zig:17   | Identified the +10 shortbow of the Gloaming {drain, rF+}
 98102 | Zig:18   | Entered Level 18 of a ziggurat
 98117 | Zig:18   | Noticed an ancient lich
 98123 | Zig:18   | Noticed an ancient lich
 98124 | Zig:18   | Noticed an ancient lich
 98126 | Zig:18   | Noticed an ancient lich
 98127 | Zig:18   | Noticed Eliamox the pandemonium lord
 98128 | Zig:18   | Killed an ancient lich
 98133 | Zig:18   | Killed an ancient lich
 98134 | Zig:18   | Reached skill level 27 in Axes
 98135 | Zig:18   | Killed an ancient lich
 98137 | Zig:18   | Killed an ancient lich
 98139 | Zig:18   | Killed Eliamox the pandemonium lord
 98168 | Zig:18   | Found the amulet of the Air {Inacc Air Fly rElec RMsl}
 98226 | Zig:18   | Identified the +1 arbalest of Qazlal's Favour {penet,
                  | ^Fragile rPois Will+ Stlth+}
 98230 | Zig:18   | Acquired the +4 crystal plate armour of Juatwist {Will+++
                  | Dex-3 SInv}
 98249 | D:$      | Escaped with the Orb!

Illustrated notes

Levels and vault maps discovered:
D:1:      dpeg_arrival_tiny_a, layout_loops_ring
D:2:      minmay_chambers_of_twos, layout_basic, dreamdust_princess_corridor,
          kennysheep_generic_room_2
D:3:      minmay_goblin_kobold_castle, layout_rooms,
          nemelex_diamond_rough_becter, ebering_ghost_reflecting_pool,
          uniq_grinder
D:4:      layout_loops_ring
D:5:      layout_rooms, serial_shops, nicolae_shop_real_fake_doors
D:6:      black_bear_nest_2, layout_loops_ring, serial_shops, shop,
          uniq_prince_ribbit1
D:7:      layout_gridville, nicolae_elyvilon_temple_path,
          minmay_temple_entry_grid, serial_park_tiny_2, st_stairs_7,
          minmay_misc_feat_secret_circle, uniq_maggie
D:8:      layout_basic, old_standard_altar, mainiacjoe_overflow_24_doors,
          nicolae_overflow_hidden_temple, erik_lair_orcish_takeover,
          grunt_ogre_cave, serial_bayou_pond_b, onia_ninara_dug_in_and_dangerous
D:9:      layout_basic
D:10:     layout_basic, nicolae_trove_entry_columns
D:11:     minmay_complete_graph, layout_loops_ring, grunt_ministairs_7,
          nicolae_uskayaw_suspiria
D:12:     layout_layer_cave, orc_0_dummy, minmay_misc_feat_columns
D:13:     layout_loops_cross, lightli_vaults_fourway_checkpoint, minivault_27,
          uniq_azrael
D:14:     layout_loops_ring, minmay_misc_feat_iff
D:15:     grunt_enter_depths_snipers, layout_loops_cross,
          minmay_misc_feat_hallway, serial_shops, shop, ice2_lemuel
Temple:   bh_familiar_temple
Lair:1:   layout_regular_city, infiniplex_staircase_pool_2
Lair:2:   layout_chaotic_city, nicolae_snake_entry_warm_welcome
Lair:3:   hellmonk_ruined_rings, layout_gridlike, minmay_swamp_entry_worms
Lair:4:   layout_regular_city, slime_entry_1, chequers_serial_rivers_micro_d,
          st_stairs_7, grunt_megastairs_4
Lair:5:   hangedman_lair_caniforms_friends, layout_regular_city,
          hangedman_lair_in_review, lemuel_fruit_fields
Swamp:1:  layout_falls_marsh, evilmike_swamp_ruin_house_6
Swamp:2:  cheibrodos_swamp_tower_of_moss, layout_falls_marsh,
          evilmike_swamp_ruin_house_4, uniq_nikola, uniq_jorgrun
Swamp:3:  layout_basic_swamp, hellmonk_ghost_happy_afterlife,
          evilmike_swamp_ruin_house_1, uniq_mlioglotl
Swamp:4:  swamp_fiery, layout_basic_swamp
Snake:1:  layout_chambers, serial_shops, nicolae_book_shop_shelving,
          dpeg_stationary_puzzle, uniq_frances
Snake:2:  layout_rooms, serial_shops, shop, gammafunk_ghost_necromancy,
          nicolae_snake_single_loop, nicolae_custom_books, grunt_megastairs_3,
          uniq_agnes
Snake:3:  layout_rooms, uniq_vashnia, uniq_aizul
Snake:4:  snake_pit_salamanders_mu, layout_onion_interference,
          nicolae_snake_storage_room
Slime:1:  layout_caves
Slime:2:  layout_caves
Slime:3:  layout_caves
Slime:4:  layout_caves
Slime:5:  slime_pit_nicolae_jellycorners
Orc:1:    layout_caves
Orc:2:    st_orc_rangers, layout_caves, okawaru_metal_pillars_1_2
Elf:1:    minmay_coctagon, layout_loops_cross, serial_shops, nicolae_shop_stone,
          portal_ice_cave_entry_dragon, hangedman_elven_crosses_minicolossus
Elf:2:    nicolae_elf_blades_crystal_corner, layout_loops_cross, serial_shops,
          nicolae_shop_advertising_works [nicolae_subvault_shop_adworks],
          st_stairs_9
Elf:3:    elf_hall, layout_onion_city, st_stairs_6, minivault_5,
          ebering_dispersal_statue_hall, wad_floor_pattern_2
Vaults:1: v_misc_31, nicolae_vaults_closet_pinwheel_3,
          nicolae_vaults_back_hallway, nicolae_vaults_meiosis,
          nicolae_vaults_closet_pinwheel_6,
          nicolae_vaults_doubleplus_tesselated, st_spiral_rooms,
          nicolae_vaults_diamond_1, nicolae_vaults_gold_heap,
          nicolae_vaults_tetromino_Z_1, layout_vaults_maze_snakey, serial_shops,
          bzr_entry_customers
Vaults:2: ontoclasm_vaults_decontamination, nicolae_vaults_six-pack,
          nicolae_vaults_offset_grid_hallway_3, wander_protected_by_tso,
          nicolae_vaults_house_2, nicolae_vaults_mini_display_case,
          nicolae_vaults_prndl, v_misc_24, vaults_dpeg_emergency_exit,
          nicolae_vaults_storage_room_water, layout_vaults_omnigrid, uniq_xtahua
Vaults:3: v_pattern_2, st_greater_box_5, minmay_crypt_entry_simple_plaza,
          v_misc_8, nicolae_vaults_stairing_the_circle, hangedman_vaults_impose,
          nicolae_vaults_shrinking_rooms_1, vaults_room_pools,
          nicolae_vaults_storage_room_glass, nicolae_vaults_three_branches,
          nicolae_vaults_trapezoid_lopsided_1, nicolae_vaults_apartment_1,
          ontoclasm_vaults_hangar, nicolae_vaults_surprise_closet,
          vaults_mumra_minichess_inversion, layout_vaults_omnibox, serial_shops,
          nicolae_shop_competitors_out_of_business
Vaults:4: nicolae_vaults_wrenched, v_misc_3, v_pattern_4,
          vaults_standard_mumra_x, nicolae_vaults_heart-shaped_vault,
          grunt_vaults_twisty, nicolae_vaults_tetromino_L_2, v_misc_22,
          ontoclasm_vaults_ligature, nicolae_vaults_tetromino_Z_2, v_misc_24,
          layout_vaults_ring, serial_shops, shop, uniq_frederick, uniq_margery,
          uniq_bai_suzhen
Vaults:5
Crypt:1:  layout_gridlike, basic_altar, grunt_crypt_arrival_split, uniq_mennas
Crypt:2:  layout_regular_city, lemuel_elevator
Crypt:3:  church_of_pain_bobbens, layout_chaotic_city
Tomb:1
Tomb:2
Tomb:3
Depths:1: layout_gridlike, minmay_hedge_maze, hellmouth_2,
          amcnicky_mini_rare_corridor_liquid, guppyfry_shop_earth,
          minmay_shoptagon, uniq_norris
Depths:2: evilmike_diamond_1, layout_basic, grunt_pan_entry_spiral,
          serial_sigils, serial_sigils_hangedman_carve,
          serial_sigils_hangedman_writhe, serial_sigils_hangedman_confine,
          serial_sigils_hangedman_stare, serial_sigils_hangedman_leer,
          hell_entry, minmay_staircase_bubble
Depths:3: thingy_vault, layout_cave_pools, hell_entry, abyss_entry_glasseish,
          serial_bayou_pond_c, rand_demon_pan_entry_9, kennysheep_pointless_box,
          minmay_staircase_statues_hall_small
Depths:4: grunt_twist_and_shout, layout_cave_pools, enter_ziggurat_b,
          grunt_pan_entry_zigzag, abyss_entry, hellmouth_1, uniq_josephina
Hell
Dis:1:    layout_regular_city
Dis:2:    layout_subdivisions
Dis:3:    layout_subdivisions
Dis:4:    layout_gridville, nicolae_dis_spooky_hallway
Dis:5:    layout_regular_city
Dis:6:    layout_gridville, glass_columns_c
Dis:7:    dis_hangedman
Geh:1:    layout_gehenna_pools_basic, lemuel_flamethrower_2
Geh:2:    layout_gehenna_pools_basic
Geh:3:    layout_gehenna_pools_box
Geh:4:    layout_gehenna_lava_caves
Geh:5:    layout_gehenna_lava_caves
Geh:6:    layout_gehenna_pools_basic
Geh:7:    geh_old
Coc:1:    nicolae_coc_on_the_berg
Coc:2:    layout_cocytus_water_paths
Coc:3:    layout_ice_bergs
Coc:4:    layout_ice_bergs
Coc:5:    layout_cocytus_water_paths
Coc:6:    layout_cocytus_delve
Coc:7:    coc_mu
Tar:1:    layout_grid_maze
Tar:2:    layout_catacombs
Tar:3:    layout_grid_maze
Tar:4:    layout_honeycomb
Tar:5:    layout_honeycomb
Tar:6:    layout_cathedral_of_symmetry
Tar:7:    tar_mu [tar_mu_maze]
Zot:1:    layout_misc_corridors
Zot:2:    hellmonk_paralyzer, layout_gridlike, skrybe_zot_glass_2,
          grunt_ministairs_1, guppyfry_library_mini
Zot:3:    nicolae_moth_party, layout_gridlike, st_stairs_3, grunt_megastairs_1
Zot:4:    layout_onion_interference
Zot:5:    layout_basic, st_stairs_6, grunt_ministairs_2

Skill      XL: |  1  2  3  4  5  6  7  8  9 10 11 12 13 14 15 16 17 18 19 20 21 22 23 24 25 26 27 |
---------------+----------------------------------------------------------------------------------+-----
Axes           | 4 5 6 8 11 12 15 16 17 18 19 27 | 27.0
Fire Magic     | 4 5 6 9 10 27 | 27.0
Fighting       | 5 6 7 9 11 13 14 16 18 19 20 21 22 23 25 26 27 | 27.0
Evocations     | 3 5 7 8 9 10 12 14 16 18 | 18.4
Armour         | 3 5 6 7 9 11 12 14 15 16 27 | 27.0
Dodging        | 2 5 6 13 | 13.7
Throwing       | 2 5 7 9 10 11 16 | 16.0
Shields        | 10 12 13 15 16 18 19 21 22 23 25 26 27 | 27.0
Invocations    | 1 8 12 15 17 19 27 | 27.0
Translocations | 3 6 7 8 11 | 11.5
Spellcasting   | 3 6 8 10 27 | 27.0
Hexes          | 11 | 11.1
Alchemy        | 9 |  9.3
Earth Magic    | 16 | 16.2
Air Magic      | 2 |  2.0
Shapeshifting  | 14 | 14.1
Conjurations   | 27 | 27.0

Action                     |  1- 3 |  4- 6 |  7- 9 | 10-12 | 13-15 | 16-18 | 19-21 | 22-24 | 25-27 || total
---------------------------+-------+-------+-------+-------+-------+-------+-------+-------+-------++-------
  Melee: Hand axe          |   141 |   102 |   230 |       |       |       |       |       |       ||   473
         War axe           |       |       |   171 |   615 |   617 |       |       |       |       ||  1403
         Broad axe         |       |       |       |       |   864 |  1529 |  1865 |  1978 |  9258 || 15494
         Bite              |       |       |       |       |       |       |       |       |    12 ||    12
  Throw: Boomerang         |       |       |       |     6 |     1 |     1 |       |       |       ||     8
         Javelin           |       |       |       |       |       |       |       |       |    92 ||    92
   Cast: Scorch            |     2 |       |    92 |   126 |    40 |       |       |       |       ||   260
         Lesser Beckoning  |       |       |       |       |       |       |       |       |    19 ||    19
         Ignition          |       |       |       |       |       |       |       |       |   161 ||   161
         Fire Storm        |       |       |       |       |       |       |       |       |    39 ||    39
         Apportation       |       |       |       |       |       |       |       |       |     4 ||     4
         Lehudib's Crystal |       |       |       |       |       |       |       |       |     1 ||     1
         Passage of Golubr |       |       |       |       |       |       |       |       |     1 ||     1
 Invoke: Foxfire Swarm     |       |     1 |     2 |     2 |     2 |       |       |       |       ||     7
         Fiery Armour      |       |       |       |       |     2 |       |       |       |       ||     2
         Rising Flame      |       |       |       |       |     1 |       |       |       |       ||     1
         Heroism           |       |       |       |       |       |    16 |    10 |    11 |    11 ||    48
         Finesse           |       |       |       |       |       |     4 |     1 |     5 |     5 ||    15
         Receive Weapon    |       |       |       |       |       |       |     1 |       |       ||     1
         Receive Armour    |       |       |       |       |       |       |     1 |       |       ||     1
         Duel              |       |       |       |       |       |       |       |       |     1 ||     1
         Divine Shield     |       |       |       |       |       |       |       |       |    52 ||    52
         Cleansing Flame   |       |       |       |       |       |       |       |       |    99 ||    99
         Summon Divine War |       |       |       |       |       |       |       |       |     6 ||     6
         Brand Weapon With |       |       |       |       |       |       |       |       |     1 ||     1
Ability: Evoke Invisibilit |       |       |       |       |       |       |     1 |     1 |       ||     2
  Evoke: Wand              |       |       |     2 |     9 |    10 |    40 |     5 |       |    14 ||    80
         Lightning rod     |       |       |       |       |     3 |    10 |     4 |     3 |     2 ||    22
         Condenser vane    |       |       |       |       |       |       |       |       |     2 ||     2
         Figurine of a zig |       |       |       |       |       |       |       |       |     1 ||     1
    Use: Scroll            |     1 |       |    12 |     8 |    18 |    11 |    20 |     8 |    70 ||   148
         Potion            |     1 |       |     2 |     2 |    12 |    10 |     1 |     6 |   161 ||   195
   Stab: Distracted        |       |       |     1 |       |     2 |       |       |       |       ||     3
         Petrified         |       |       |       |       |     9 |     1 |       |       |       ||    10
         Invisible         |       |       |       |       |    20 |       |     3 |     1 |       ||    24
         Paralysed         |       |       |       |       |       |     9 |       |       |       ||     9
         Petrifying        |       |       |       |       |       |     1 |       |       |       ||     1
 Armour: Robe              |   121 |    92 |   288 |       |       |       |       |       |       ||   501
         Steam dragon scal |       |       |    81 |   109 |       |       |       |       |       ||   190
         Troll leather arm |       |       |       |   243 |       |       |       |       |       ||   243
         Skin              |       |       |       |    36 |    20 |    26 |       |       |   228 ||   310
         Plate armour      |       |       |       |   145 |  1093 |  1255 |   789 |       |       ||  3282
         Gold dragon scale |       |       |       |       |       |       |   712 |  1667 |  5591 ||  7970
  Dodge: Dodged            |    87 |    56 |   214 |   327 |   469 |   351 |   309 |   328 |  1111 ||  3252
  Block: Tower shield      |       |       |       |       |  1253 |  1270 |  1589 |  2109 | 11549 || 17770
         Reflection        |       |       |       |       |       |       |       |       |   139 ||   139
         Form:             |       |       |       |       |       |       |       |       |     1 ||     1
         Statue            |       |       |       |       |       |       |       |       |     1 ||     1

Table legend: (Time is in decaauts)
 A = Elapsed time spent in this place.
 B = Non-inter-level travel time spent in this place.
 C = Inter-level travel time spent in this place.
 D = Time resting spent in this place.
 E = Time spent auto-exploring this place.
 F = Levels seen in this place.
 G = Mean time per level.
                   A        B        C        D        E       F      G
               +--------+--------+--------+--------+--------+-----+--------+
         Total |  93981 |  84157 |   9824 |   7109 |  47446 | 161 |  583.7 |
       Dungeon |  20254 |  16281 |   3973 |   1787 |  11260 |  15 | 1350.3 |
        Temple |     11 |      5 |      6 |      0 |      0 |   1 |   11.0 |
          Lair |   7301 |   6434 |    867 |    456 |   4458 |   5 | 1460.2 |
         Swamp |   2836 |   2674 |    162 |    359 |   1446 |   4 |  709.0 |
     Snake Pit |   4135 |   3712 |    423 |     38 |   2522 |   4 | 1033.8 |
    Slime Pits |   1892 |   1787 |    105 |    262 |    797 |   5 |  378.4 |
  Orcish Mines |   1296 |   1030 |    266 |    110 |    654 |   2 |  648.0 |
   Elven Halls |   3110 |   3000 |    110 |    227 |   1707 |   3 | 1036.7 |
        Vaults |   6976 |   6024 |    952 |      4 |   4108 |   5 | 1395.2 |
         Crypt |   3193 |   2875 |    318 |    167 |   1748 |   3 | 1064.3 |
          Tomb |   2277 |   2001 |    276 |    382 |    982 |   3 |  759.0 |
        Depths |   7043 |   5823 |   1220 |    667 |   3006 |   4 | 1760.8 |
          Hell |   1071 |    889 |    182 |     61 |    426 |   1 | 1071.0 |
           Dis |   1079 |    952 |    127 |     54 |     34 |   7 |  154.1 |
       Gehenna |   1173 |   1121 |     52 |     59 |    319 |   7 |  167.6 |
       Cocytus |   1180 |   1174 |      6 |    212 |    238 |   7 |  168.6 |
      Tartarus |   1394 |   1078 |    316 |     54 |    413 |   7 |  199.1 |
           Zot |   6159 |   5702 |    457 |    786 |   2927 |   5 | 1231.8 |
         Abyss |    648 |    648 |      0 |     49 |    140 |   4 |  162.0 |
   Pandemonium |  13817 |  13817 |      0 |    652 |   8182 |  20 |  690.8 |
      Ziggurat |   6042 |   6042 |      0 |    688 |   1617 |  45 |  134.3 |
        Bazaar |    190 |    190 |      0 |      0 |     79 |   1 |  190.0 |
         Trove |    104 |    104 |      0 |      0 |      4 |   1 |  104.0 |
      Ice Cave |    770 |    770 |      0 |     30 |    377 |   1 |  770.0 |
         Arena |     17 |     17 |      0 |      0 |      0 |   1 |   17.0 |
               +--------+--------+--------+--------+--------+-----+--------+

Top non-repeatable levels by time:
Depths:2: 2048 daAuts
Depths:1: 2034 daAuts
  Lair:5: 2007 daAuts
    D:10: 1941 daAuts
     D:8: 1769 daAuts
    D:15: 1667 daAuts
Depths:3: 1653 daAuts
Vaults:3: 1653 daAuts
   Elf:3: 1595 daAuts
    D:12: 1521 daAuts
   Zot:3: 1517 daAuts
    D:13: 1514 daAuts
    D:11: 1512 daAuts
  Tomb:1: 1502 daAuts
Vaults:2: 1498 daAuts
